Workbook
Name gotoJT1987: 'Economic potential'!$AC$10

Sheet Welcome page
C3: Welcome to the Enterprise Innovation Assessment (EIA)
D20: "Innovation distinguishes between a leader and a follower" Steve Jobs

Sheet EIA use
C3: How to fill in the tool? - scale & cell colours
D26: Cell colour key
F29: - filled with information given by the firm
F32: - EXPERT'S comments
F35: - Open questions, answers should be most similar to entrepreneur's exact words

Sheet IS3
D1: Current presence | E1: Possible development
A2: I. Zdrowe społeczeństwo/Healthy society
A3: I. Zdrowe społeczeństwo/Healthy society | B3: 1. | C3: Medical engineering technologies including medical biotechnologies.
C4: 1. Technologie inżynierii medycznej, w tym biotechnologie medyczne
B5: 1.1. | C5: Badania i rozwój produktów leczniczych
B6: 1.2. | C6: Badania i rozwój suplementów diety i środków spożywczych specjalnego przeznaczenia żywieniowego
B7: 1.3. | C7: Bioinformatyka
B8: 1.4. | C8: Biologia syntetyczna w medycynie
B9: 1.5. | C9: Sztuczne narządy
B10: 1.6. | C10: Technologie medycyny regeneracyjnej
B11: 1.7. | C11: Technologie telemedyczne
B12: 1.8. | C12: Informatycnze narzędzia medyczne
B13: 1.9. | C13: Technologie, urzadzenia i wyroby medyczne
B14: 1.10. | C14: Technologie materiałowe w medycynie
B15: 1.11. | C15: Pharmaceutical engineering/inżynieria farmaceutyczna
B16: 1.11. | C16: Inne
B17: 2. | C17: Diagnostics and therapy of lifestyle diseases (diseases of modern civilization) and personalized medicine.
C18: 2. Diagnostyka i terapia chorób cywilizacyjnych oraz w medycynie spersonalizowanej
B19: 2.1. | C19: Telemedycyna w diagnostyce i terapii
B20: 2.2. | C20: Diagnostyka obrazowa oraz oparta na innych technikach detekcji
B21: 2.3. | C21: Markery/ testy
B22: 2.4. | C22: Opieka skoordynowana - promocja zdrowia / profilaktyka
B23: 2.5. | C23: Opieka skoordynowana - ocena ryzyka / postępu choroby
B24: 2.6. | C24: Opieka skoordynowana - leczenie
B25: 2.7. | C25: Rehabilitacja skoordynowana
B26: 2.8. | C26: Nowe cele prewencyjne i/lub terapeutyczne
B27: 2.9. | C27: Badania kliniczne
B28: 2.10. | C28: Pharmacology/farmakologia
B29: 2.11. | C29: Genetics/genetyka
B30: 2.10. | C30: Inne
D31: Current presence | E31: Possible development
A32: II. Biogospodarka rolno-spożywcza, leśno-drzewna i środowiskowa/Bioeconomy
A33: II. Biogospodarka rolno-spożywcza, leśno-drzewna i środowiskowa/Bioeconomy | B33: 3. | C33: Healthy food.
C34: 5. Zdrowa żywność (o wysokiej jakości i ekologiczności produkcji)
B35: 3.1. | C35: Food processing/przetwórstwo żywności
B36: 3.2. | C36: Food safety/ bezpieczeństwo żywności
B37: 3.3. | C37: Biology in Healthy food/biologia w Zdrowej żywności
B38: 3.4. | C38: Functional Food/ żywność funkcjonalna
B39: 3.5. | C39: Waste management/gospodarka odpadami
B40: 3.6. | C40: Gastronomy in Healthy food/gastronomia w Zdrowej żywności
B41: 3.7. | C41: Agriculture in Healthy food /rolnictwo w Zdrowej żywności
B42: 3.8. | C42: Transportation and Logistics in Healthy food /transport i logistyka w Zdrowej żywności
B43: 3.9. | C43: Environmental protection in Healthy food /ochrona środowiska w Zdrowej żywności
B44: 3.10. | C44: Food chemistry/chemia żywności
B45: 3.11. | C45: Other/inne
B46: 4. | C46: Biotech processes and products of chemicals and environmental engineering.
C47: 6. Biotechnologiczne procesy i produkty chemii specjalistycznej oraz
C48: inżynierii środowiska
B49: 4.1. | C49: Bio-production of specialty chemicals/bioprodukcja chemii specjalistycznej
B50: 4.2. | C50: Environmental monitoring/monitoring środowiska
B51: 4.3. | C51: Biodegradation/biodegradacja
B52: 4.4. | C52: Bioremediation/bioremediacja
B53: 4.5. | C53: Ecological restoration/rekultywacja ekologiczna
B54: 4.6. | C54: Bioinformatics/bioinformatyka
B55: 4.7. | C55: Genetic engineering/inżynieria genetyczna
B56: 4.8. | C56: Biological engineering/inżynieria biologiczna
B57: 4.9. | C57: Systems biology/systemy biologiczne
B58: 4.10. | C58: Bioenergy and biofuels/bioenergia i biopaliwa
B59: 4.11. | C59: Pollution prevention/redukcja zanieczyszczeń
B60: 4.12. | C60: Biotechnology in eco-friendly production/biotechnologia w produkcji ekologicznej
B61: 4.13. | C61: Other/inne
D62: Current presence | E62: Possible development
A63: III. Zrównoważona energetyka/Energy efficiency
A64: III. Zrównoważona energetyka/Energy efficiency | B64: 5. | C64: High efficiency, low emission and integrated systems of producing, storage, transfer, distribution of energy.
C65: 7. Wysokosprawne, niskoemisyjne i zintegrowane układy wytwarzania, magazynowania, przesyłu i dystrybucji energii
B66: 5.1. | C66: Electrical engineering/inżynieria elektyczna
B67: 5.2. | C67: Power engineering/inżynieria energetyczna
B68: 5.3. | C68: Nuclear engineering/ inżynieria nuklearna
B69: 5.4. | C69: Energy storage/magazynowanie energii
B70: 5.5. | C70: Automotive engineering/inżynieria motoryzacyjna
B71: 5.6. | C71: Mechanical engineering/inżynieria mechaniczna
B72: 5.7. | C72: Mining and refining/górnictwo i rafinacja
B73: 5.8. | C73: Renewable energy/energia odnawialna
B74: 5.9. | C74: Other/inne
B75: 6. | C75: Intelligent and energy saving construction.
C76: 8. Inteligentne i energooszczędne budownictwo
B77: 6.1. | C77: Energy efficient construction processes/energooszczędne budownictwo
B78: 6.2. | C78: Intelligent urban planning/inteligentne zagospodarowanie przestrzenne
B79: 6.3. | C79: Energy efficient materials/energooszczędne materiały
B80: 6.4. | C80: Computer sciences in Intelligent construction/informatyka w Inteligentnym budownictwie
B81: 6.5. | C81: Energy efficient buildings/ energooszczędne budowle
B82: 6.6. | C82: Intelligent buildings/ inteligentne budowle
B83: 6.7. | C83: Other/inne
D84: Current presence | E84: Possible development
A85: IV. Surowce naturalne i gospodarowanie odpadami/Natural resources and recycling
A86: IV. Surowce naturalne i gospodarowanie odpadami/Natural resources and recycling | B86: 7. | C86: Modern technologies of acquiring, processing and usage of natural resources+producing their substitutes.
C87: 10. Nowoczesne technologie pozyskiwania, przetwórstwa i wykorzystania surowców naturalnych oraz wytwarzanie ich substyutów
B88: 7.1. | C88: Safety engineering/inżynieria bezpieczeństwa
B89: 7.2. | C89: Environmental engineering/inżynieria środowiskowa
B90: 7.3. | C90: Chemistry in Natural resources and recycling / chemia w Surowcach naturalnych i gospodarowaniu odpadami
B91: 7.4. | C91: Metallurgy/metalurgia
B92: 7.5. | C92: Materials engineering/inżynieria materiałowa
B93: 7.6. | C93: Geology/geologia
B94: 7.7. | C94: Manufacturing engineering/inżynieria produkcji
B95: 7.8. | C95: Exploration geophysics/badania geofizyczne
B96: 7.9. | C96: Mining/górnictwo
B97: 7.10. | C97: Computer science in Natural resources and recycling/informatyka w Surowcach naturalnych i gospodarowaniu odpadami
B98: 7.11. | C98: Other/inne
B99: 8. | C99: Minimizing the waste including those not for recycling+material usage of waste (recycling and other methods).
C100: 11. Minimalizacja wytwarzania odpadów, w tym niezdatnych do przetworzenia oraz wykorzystanie materiałowe i energetyczne odpadów (recykling i inne metody odzysku)
...

Sheet Economic potential
C3: Economic potential | O3: When inserting comments or important additional information, please use provided cells
C5: Company | H5: Contact | K5: Position
C7: City (HQ)
C9: Please choose three main four-digit PKD (NACE) codes, that best applies to the firm's main activity and product. | E9: i) | H9: Email
E10: ii)
E11: iii) | H11: Phone Number
O12: Year company started | P12: Public support
C13: In what year did this firm begin operations?
O14: Sector of activity
C15: Sector of activity | H15: What % of the total revenue comes from innovative products/services?
O16: Total revenue (2015) | P16: overall grants (explain what kind of grants)
C17: What was the total revenue in 2015? | G17: K PLN | H17: What was the amount of investment spending over the last 3 years? | M17: K PLN
O19: Total revenue (2014) | P19: Long investing in R&D
C20: What was the total revenue in 2014? | G20: K PLN | H20: What was the amount of innovation spending over the past 3 years? | M20: K PLN
O21: Total revenue (2013) | P21: Amount of R&D spending
C22: What was the total revenue in 2013? | G22: K PLN | H22: How long have you been investing in R&D? (in years)
O23: Net profitability
C24: What was the net profitabililty of the firm (net profits/revenue) in the last year? | H24: What was the amount of R&D spending over the past 3 years? | M24: K PLN
O25: Net profitability
C26: What was the frequency of access to public innovation support in the last 3 years? | H26: What is a total amount of any type of public support received in last three years? | M26: K PLN
O27: Satisfaction
C28: From your experience, how satisfied are you from the efficiency of the system when you applied for support? (1 - very low, 5 - very high, 0 - never applied, -7 - don't know)
E35: Key - Filling the tool
G38: - filled with information given by the firm
G41: - EXPERT'S comments
G44: - Open questions, answers should be most similar to entrepreneur's exact words
JT1987: Made by JT

Sheet Human capital
C3: Human capital | M3: When inserting comments or important additional information, please use provided cells
M5: What is the total number of employees?
D6: What is the total number of employees?
M7: Employees and the technical education
D8: How did the employment change over the last 3 years? 1 - Grow / 2 - Stable / 3 - Reduced
D10: How many employees in your firm are currently performing the R&D work?
D12: How many of the employees have the higher or vocational technical education (e.g. Science, engineering, maths)?
D14: How many of the employees have higher education?
D16: How many employees have a PhD degree?
D18: Do you have sufficient technological know how to design and implement significant innovations? (new in the market)? (1 - very low, 5 - very high, 0 - never applied, -7 - don't know)
D20: Do you have sufficient managerial know how to design and implement significant innovations? (new in the market) (1 - very low, 5 - very high, 0 - never applied, -7 - don't know)
D23: What kinds of measure do you use to track the performance of the employees? | F23: Open
D25: What are your ways of incentivizing your employees? | F25: Open
D30: Key - Filling the tool
F33: - filled with information given by the firm
F36: - EXPERTS comments
F39: - Open questions, answers should be most similar to entrepreneur's exact words

Sheet Market position
C3: Market position | S3: When inserting comments or important additional information, please use provided cells
D6: In what market do you operate? 1 - Traditional / 2 - Niche / 3 - Specialized
D8: Are you a market leader or one of many producers of similar products/services? 1 - One / 2 - Many
D10: On what basis do you compete? 1 - Price / 2 - Technology / 3 - Design / 4 - Quality
D12: Export share as % of total revenue (2015)
D14: Do you export to simple or sophisticated markets? 1 - Simple / 2 - Sophisticated / 3 - Other: what?
D17: Taking into account what you said, please say how do you think what are the key success factors to grow in a given business area? | M17: Open
D19: How do you obtain information about the export market? In other words e.g. how do you know that product you want to export is innovative in the place where you want to export it? | M19: Open
D21: Looking at market and running business in Poland, please let me know how do you think what are the currently the most important business trends in your business branch? | M21: Open
F26: Key - Filling the tool
H29: - filled with information given by the firm
H32: - EXPERTS comments
H35: - Open questions, answers should be most similar to entrepreneur's exact words

Sheet Growth constraints
C3: Growth constraints | L3: When inserting comments or important additional information, please use provided cells
C7: Internal | D7: How often is the management of your firm a constraint to growth?
D10: How often is the availability of hard skills (mostly technical) a constraint to growth?
D12: How often is the availability of soft skills (e.g. Managerial skills) a constraint to growth?
D14: How often are the barriers to entry new markets a constraint to growth?
D16: Is there something else that constraints the growth of your firm?

Sheet Innovation processes
C3: Innovation processes | L3: When inserting comments or important additional information, please use provided cells
D6: Which elements of innovation process do you pursue (tell us how it's done - expert assessment):
D8: - Identification of market needs | J8: YES = 1 NO = 0
D10: - Identification of innovative ideas
D12: - Validation of innovative ideas, financial and technical feasibility studies
D14: - Design
D16: - Prototyping
D18: - Testing
D20: - Production
D22: - Commercialization
H25: Product
D26: How many (...) innovations have you introduced in the last 3 years? | H26: Process
H27: Organizational
H28: Marketing
D30: To your best knowledge your (...) innovations are new to the: 1) firm, 2) country, 3) world, 4) EU? | H30: Product
H31: Process
D33: Do you feel comfortable taking risky decisions (1-5) Very comfortable (1) - Very Uncomfortable (5)
D35: What kind of Quality Strategy are you implementing? (1-5; expert's judgment based on the open answer)
C38: Earlier you were talking about (product/process) innovation being on the (firm/country/world) level. What would it take for you to take the innovation to the next level? | E38: Open
C40: You told me how many (product/ process/ marketing/ organizational) innovations you introduced. Can you give me examples of these innovations? | E40: Open
C42: Let’s assume that I give you right now 1m USD and you can use that only to invest in innovative projects. What would you invest it in and why? | E42: Open

Sheet Scoring
B2: Value | C2: Constant | D2: FINAL: | E2: Data | F2: Range
B3: InnovationUse2(1) | C3: 1.35 | D3: =IF(E3<=3,0,1) -> 0 | E3: ='Innovation management'!H18 -> 0 | F3: 0-3 / more
B4: ExportShare2(1) | C4: 1.082 | D4: =IF(E4<=0.05,0,1) -> 0 | E4: ='Market position'!M12 -> 0 | F4: 0-0,05 ; more
B5: Wydatki_RD(1) | C5: 1.787 | D5: =IF(E5<=0,0,1) -> 0 | E5: ='Economic potential'!L24 -> 0 | F5: 0/1
B6: Sr_wzrost(1) | C6: 1.729 | D6: =IF(E6<=1.06,0,1) -> 0 | E6: =('Economic potential'!F17/('Economic potential'!F22+0.000000001))^(1/2) -> 0 | F6: 0-0,06 / more
B7: STEM | C7: 0.016 | D7: =IF(E7<=3,0,1) -> 0 | E7: ='Human capital'!H12 -> 0 | F7: 0 / more
B8: Model constant | C8: -3.735 | D8: 1
H9: min | I9: 0
H10: wynik | I10: =B12 -> 2.3316589
A11: Z= | B11: =C8+C3*D3+C4*D4+C5*D5+C6*D6+C7*D7 -> -3.735 | H11: strzałka wartość | I11: =MAX(I10-6,0) -> 0
A12: P= | B12: =(2.71828^B11)/(1+2.71828^B11)*100 -> 2.3316589 | H12: etykieta wartość | I12: =MAX(I10-7,0) -> 0
H13: tekst etykiety | I13: =TEXT(I10,"0\%") -> 2%
A14: Wynik | B14: =IF(B12<0.5,"Most probably not a champion", "Most probably a champion") -> Most probably a champion
B17: [0;0,4) | C17: [0,4;0,6) | D17: [0,6;1]
B18: Most probably not a Champion | C18: May be a Champion | D18: Most probably a Champion

Sheet Innovation management
C3: Innovation management | L3: When inserting comments or important additional information, please use provided cells
D6: Does the management of your firm behave in 'Reactive' manner to what happens on the market (i.e. Listens to the customers and does what they tell him)? | I6: Y=1 N=0
D8: Does the management of your firm behave in 'Proactive' manner to what happens on the market (i.e. anticipates clients' needs and proposes appropriate products/ services/ solutions)? | I8: Y=1 N=0
D10: Does the management of your firm behave in 'Pre-emptive' manner to what happens on the market (i.e. attempts to create entirely new markets, e.g. Apple with iPhone)? | I10: Y=1 N=0
D12: How often is your company’s management mindset a driver for innovation?
D14: How often is your R&D department a driver for innovation?
D16: How often is your Employees initiative a driver for innovation?
D18: How often do you use innovation to grow your business?
D20: How often is the management of innovation a constraint to innovation?
D22: Do you have a strategy for innovation?/is innovation part of your strategy? | I22: Y=1 N=0
D24: Do you have an RD/innovation department/staff? | I24: Y=1 N=0
D26: Do you use interdisciplinary teams to develop innovations? (eg. marketing+construction, scientist etc.) | I26: Y=1 N=0
D28: Do you have a mechanism for knowledge management (eg. Sharing, competence building)? | I28: Y=1 N=0
D30: Are you able to develop innovation systematically/constantly? | I30: Y=1 N=0
D32: Do you have procedures to validate innovative ideas? | I32: Y=1 N=0
D34: Does your motivation system stimulate risk-taking and innovation? | I34: Y=1 N=0
D36: do you own patents/licenses or have applied for them?
C40: What types of targets are set for the company? | E40: Open
C42: What kind of time scale are you looking at with your targets? | E42: Open

Sheet Drivers
C3: Drivers of innovation | L3: When inserting comments or important additional information, please use provided cells
E6: How often does the IPR drive your innovations?
E8: How often does the certification or other standards drive your innovations?
E10: How often does the legislation drive your innovations?
E12: How often does sources of funding drive your innovations?
E16: How often are your New market opportunities or a market trend a driver for innovation?
E18: How often does the product quality drive your innovations?
E20: How often does the development of a new product or services drive your innovations?
E22: Is there something else that drives your innovations? What is it? | H22: (what it is and then 1-5)
C25: I was also wondering, how do you use IPR and why? | G25: Open
C27: What are the 3 greatest Drivers for innovation and why? | G27: Open

Sheet Information Sources
C3: Sources of information about innovation | I3: When inserting comments or important additional information, please use provided cells
C5: How often are …. a source of information about innovation for your company? | D5: Information about innovation (frequency) | E5: Which of the following are international sources? (yes= 1 / no= 0)
C6: Internal company resources
C7: Research and development institutes
C8: Universities (incl. TTOs)
C9: Business Support Institutions (e.g. Andvisory firms, intermediaries, etc.)
C10: Industry Consultants
C11: Clusters members
C12: Customers
C13: Suppliers
C14: Social Networks (real and virtual, e.g. LinkedIn)
C15: Government (National or regional) | E15: ------------------------
C16: EU | E16: ------------------------
C17: Internet
C18: Exhibitions
C19: Seminars/ lectures
C20: Technical literature
C21: Investors (internal or external)
C22: Other: what?
C24: What are the collaboration examples between the firm and universities and RDIs? | D24: Open
C26: (If any) Please name R&D centers and universities with whom you collaborate | D26: Open

Sheet Innovation constraints
C3: Company's innovation constraints | L3: When inserting comments or important additional information, please use provided cells
C5: Internal
D8: How often is the availability of hard skills (mostly technical) a constraint to innovation?
D10: How often is the availability of soft skills (e.g. Managerial skills) a constraint to innovation?
D12: How often is the legislation a constraint to innovation?
D14: How often are technical constraints a barrier to innovation?
D16: Is there something else that constraints the innovativity of your firm?
C19: What are the 3 greatest Barriers to innovation and why? | E19: Open

Sheet Technology usage
C3: Technology usage | L3: When inserting comments or important additional information, please use provided cells
D6: How often do you acquire newest technologies?
D8: Do you create own technologies? | I8: Y = 1 N = 0
D10: Do you use following Key Enabling Technologies (KETs):
D11: - nanotechnology, | I11: Y = 1 N = 0
D12: - micro-and nanoelectronics (incl. Semiconductors),
D13: - advanced materials (polimers, biomaterials, optical materials etc.)
D15: Do you use IT systems (CRM, CAM, CAD others)? | I15: Y = 1 N = 0
D17: How often do you use digital platforms to contact your suppliers, manage logistics etc.?
D19: What % of your sales comes from e-commerce? | I19: (%)
D21: Do you have electronic invoice exchange system? | I21: Y = 1 N = 0
C24: Looking at the technological trends what do you think the most important are? | E24: Open

Sheet Finance needs
C3: Financial needs | L3: When inserting comments or important additional information, please use provided cells
D6: How often is the access to finance a constraint to innovation of your company?
D8: How often do the declining margins drive your innovations?
D10: How well do you know the Regional potential public support? 1 - very bad, 5 - very good
D12: How well do you know the National potential public support? 1 - very bad, 5 - very good
D14: What kind of financing is most attractive to you: (cross one box)
D15: Bank loan
D16: Own capital
D17: Venture capital
D18: Private equity
D19: EU dotations
D20: EU financial instruments (Jeremie)
D21: other, which?
C24: Name three services that you need to obtain that would enable developing innovation in your firm. (e.g. Information on financing, research, business development, export, workshops, networking, courses, etc.) | E24: Open
C26: Let’s assume that I give you right now 1m USD and you can use that only to invest in innovative projects. What would you invest it in and why? | E26: Open
C28: What investment are you planning in the nearest future (e.g. machines/technology/innovation/R&D) | E28: Open

Sheet gathered
A1: Variable name | B1: company | C1: sector | D1: expert | E1: Region | F1: age | G1: size | H1: location | I1: turnover | J1: turnover2013 | K1: turnover2012 | L1: R&Dduration | M1: R&Dspending | N1: Profitability | O1: av_turnover1 | P1: av_turnover3 | Q1: q_strategy | R1: cstrategy_1 | S1: cstrategy_2 | T1: cstrategy_3 | U1: risk | V1: q1 | W1: q2 | X1: q3 | Y1: q4 | Z1: q5 | AA1: q6 | AB1: q7 | AC1: driver_1 | AD1: driver_3 | AE1: driver_4 | AF1: driver_5 | AG1: driver_6 | AH1: driver_8 | AI1: driver_11 | AJ1: driver_15 | AK1: driver_18 | AL1: driver_19 | AM1: driver_21 | AN1: driver_23 | AO1: driver_25 | AP1: driver_26 | AQ1: driver_29 | AR1: driver_30 | AS1: techinnosource_1 | AT1: techinnosource_2 | AU1: techinnosource_3 | AV1: techinnosource_6 | AW1: techinnosource_7 | AX1: techinnosource_8 | AY1: techinnosource_9 | AZ1: techinnosource_11 | BA1: techinnosource_13 | BB1: techinnosource_15 | BC1: techinnosource_16 | BD1: techinnosource_17 | BE1: techinnosource_18 | BF1: techinnosource_19 | BG1: techinnosource_20 | BH1: techinnosource_21 | BI1: techinnosource_22 | BJ1: minnosource_1 | BK1: minnosource_2 | BL1: minnosource_3 | BM1: minnosource_6 | BN1: minnosource_7 | BO1: minnosource_8 | BP1: minnosource_9 | BQ1: minnosource_11 | BR1: minnosource_13 | BS1: minnosource_15 | BT1: minnosource_16 | BU1: minnosource_17 | BV1: minnosource_18 | BW1: minnosource_19 | BX1: minnosource_20 | BY1: minnosource_21 | BZ1: minnosource_22 | CA1: gconstraint_1 | CB1: gconstraint_2 | CC1: gconstraint_3 | CD1: gconstraint_4 | CE1: gconstraint_7 | CF1: gconstraint_8 | CG1: gconstraint_9 | CH1: gconstraint_10 | CI1: iconstraint_1 | CJ1: iconstraint_2 | CK1: iconstraint_3 | CL1: iconstraint_4 | CM1: iconstraint_6 | CN1: iconstraint_7 | CO1: iconstraint_9 | CP1: iconstraint_10 | CQ1: iconstraint_11 | CR1: q11 | CS1: q12 | CT1: q13 | CU1: q14 | CV1: q17 | CW1: q18 | CX1: q19 | CY1: q20 | CZ1: q21 | DA1: q22 | DB1: q28 | DC1: q23 | DD1: q24 | DE1: q25 | DF1: q26 | DH1: q29 | DI1: q30 | DJ1: q31 | DK1: q32 | DL1: q49 | DM1: q50 | DN1: q51 | DO1: q51 | DP1: q33 | DQ1: q34 | DR1: q35 | DS1: q36 | DT1: q41 | DU1: q42 | DV1: q43 | DW1: q44 | DX1: q45 | DY1: q46 | DZ1: q47 | EA1: q48 | EB1: q55 | EC1: q56 | ED1: q57 | EE1: healthy society | EG1: bioeconomy (agriculture, forestry, environment) | EI1: balanced energetics | EK1: natural resources and waste management | EM1: innovative technologies and industrial processes | EP1: Qual1 | EQ1: Qual2 | ER1: Qual3 | ES1: Qual4 | ET1: Qual5 | EU1: Qual6 | EV1: Qual7 | EW1: Qual8 | EX1: Qual9 | EY1: Qual10 | EZ1: Qual11 | FA1: Qual12 | FB1: Qual13 | FC1: Qual14 | FD1: Qual15 | FE1: Qual16 | FF1: Qual17 | FG1: Qual18 | FH1: Qual19 | FI1: Qual20 | NF1: Qq1 | NG1: Qq2 | NH1: Qq3 | NI1: Qq4 | NJ1: Qq5 | NK1: Qq6 | NL1: Qq7 | NM1: Qq8 | NN1: Qq9 | NO1: Qq10 | NP1: Qq11 | NQ1: Qq12 | NR1: Qq13 | NS1: Qq14 | NT1: Qq15 | NU1: Qq16 | NV1: Qq17 | NW1: Qq18 | NX1: Qq19 | NY1: Qq20 | NZ1: Qq21 | OA1: Qq22 | OB1: Qq23 | OC1: Qq24 | OD1: Qq25 | OE1: Qq26 | OF1: Qq27 | OG1: Qq28 | OH1: Qq29 | OI1: Qq30 | OJ1: Qq31 | OK1: Qq32 | OL1: Qq33 | OM1: Qq34 | ON1: Qq35 | OO1: Qq36 | OP1: Qq37 | OQ1: Qq38 | OR1: Qq39 | OS1: Qq40 | OT1: Qq41 | OU1: Qq42 | OV1: Qq43 | OW1: Qq44 | OX1: Qq45 | OY1: Qq46 | OZ1: Qq47 | PA1: Qq48 | PB1: Qq49 | PC1: Qq50 | PD1: Qq51 | PE1: Qq52 | PF1: Qq53 | PG1: Qq54 | PH1: Qq55
A2: Label of the variable (as in the tool) | B2: Company name | C2: Sector of activity | D2: Expert | F2: Age | G2: Size | H2: Location | I2: Turnover | J2: Turnover2013 | K2: Turnover2012 | L2: How long have you been investing in R&D? (in years) | M2: What was the amount of R&D spending over the past 3 years? | N2: What was the net profitabililty of the firm (net profits/revenue) in the last year? | O2: Average growth over 1 year | P2: Average growth over 3 years (%) | Q2: Quality strategy | R2: Reactive | S2: Proactive | T2: Pre-emptive | U2: Risk taking rate | V2: Do you spend resources to collect information about your existing customers | W2: Do you use your suppliers to subcontract your R&D activities ? | X2: Do you use your suppliers to subcontract your R&D activities ? AMOUNT (in K PLN) | Y2: Do you spend resources to collect information about your existing or potential suppliers ? | Z2: Do you spend resources to collect information about your competitors ? | AA2: How often do you develop partnership with yours competitors ? | AB2: Use of CRM | AC2: Company’s local Management / staff vision | AD2: R&D department | AE2: Employee personal initiative | AF2: Company’s growth | AG2: New market opportunities | AH2: Competitors | AI2: Suppliers by information exchange | AJ2: Customers (help to innovate) | AK2: IPR | AL2: Certification / Quality standardisation | AM2: National legislation | AN2: Price decreasing | AO2: Sources of funding | AP2: Product quality | AQ2: New product development | AR2: Other - what? | AS2: Technical Development: Internal company resources | AT2: Technical Development: Research organisation | AU2: Technical Development: Universities | AV2: Technical Development: Public organisation supporting SMEs | AW2: Technical Development: Consultants | AX2: Technical Development: Clusters member / networking | AY2: Technical Development: Customers | AZ2: Technical Development: Suppliers | BA2: Technical Development: National governments | BB2: Technical Development: EU | BC2: Technical Development: Internet | BD2: Technical Development: Social Networks | BE2: Technical Development: Exhibitions | BF2: Technical Development: Seminars | BG2: Technical Development: Technical literature | BH2: Technical Development: Sth else | BI2: Technical Development: Investors | BJ2: International? Internal company resources | BK2: International? Research organisation | BL2: International? Universities | BM2: International? Public organisation supporting SMEs | BN2: International? Private Consultants | BO2: International? Networking | BP2: International? Customers | BQ2: International? Suppliers | BR2: International? National governments | BS2: International? EU | BT2: International? Internet | BU2: International? Social Networks | BV2: International? Exhibitions | BW2: International? Seminars | BX2: International? Technical literature | BY2: International? Business angels | BZ2: International? OTHER | CA2: Other - what? | CB2: Management | CC2: Human capital (soft skills) | CD2: Finance | CE2: Competitors | CF2: Customer | CG2: Barrier to entry new markets | CH2: Human capital (hard skills) | CI2: Management of innovation | CJ2: Financial constraints | CK2: Recruitment / training | CL2: Technical constraints of company | CM2: Customers | CN2: Suppliers | CO2: Education and training methods | CP2: Legislation / regulations | CQ2: Something else | CR2: Awareness about NATIONAL potential public support | CS2: Awareness about REGIONAL potential public support | CT2: Level of satisfaction working with RDIs | CU2: Frequency of access to public innovation support | CV2: willingness to grow | CW2: visionary ability | CX2: ability to change | CY2: capacity to absorb changes | CZ2: potential to internationa-lize | DA2: Category of firm | DB2: Super Champion | DC2: Champion | DD2: Sleeping beauty | DE2: Steady state | DF2: Stagnant | DG2: Start up | DH2: Nb of innovation projects that have been developed during the past 3 years (product) | DI2: Nb of innovation projects that have been developed during the past 3 years (process) | DJ2: Nb of innovation projects that have been developed during the past 3 years (marketing) | DK2: Nb of innovation projects that have been developed during the past 3 years (organizational) | DL2: To your best knowledge your product innovations are new to the: 1) firm, 2) country, 3) world? | DM2: To your best knowledge your process innovations are new to the: 1) firm, 2) country, 3) world? | DN2: How many of the employees have the technical education (e.g. Science, engineering, maths)? | DO2: How many employees in your firm are currently performing the R&D work? | DP2: What is a total amount of grants received in last three years? (in K PLN) | DQ2: What is a total amount of innovation grants received in last three years (in K PLN)? | DR2: How satisfied are you when you do apply for support? | DS2: Average R&D spending over the past 3 years (in K) | DT2: PKD codes | DU2: PKD codes | DV2: PKD codes | DW2: Export share in sales (%) | DX2: Specific support needed? | DY2: 3 key take-aways from the interview with firm | DZ2: 3 key take-aways from the interview with firm | EA2: 3 key take-aways from the interview with firm | EB2: What was the overall quality of the interview (1 to 5 scale) | EC2: Respondent willingness to reveal information (1 to 5 scale) | ED2: General Comments | EE2: 1. medical engineering& medical biotech | EF2: 2. lifestyle diseases/ personalized med. | EG2: 5. healthy food | EH2: 6.biotech for specialty chemicals & envir. eng. | EI2: 7. energy: production, storage, transfer | EJ2: 8. smart&energy efficient construction | EK2: 10. natural resources: extraction, processing&substitutes | EL2: 11. waste management&recycling | EM2: 13. composites/nanomaterials/nanoprocesses | EN2: 17. automation&robotics | EO2: Sum | EP2: How do you obtain information about the export market? In other words e.g. how do you know that product you want to export is innovative in the place where you want to export it? | EQ2: Looking at market and running business in Poland, please let me know how do you think what are the currently the most important business trends in your business branch? | ER2: Looking at the technological trends what do you think the most important are? | ES2: Taking into account what you said, please say how do you think what are the key success factors to grow in a given business area? | ET2: What kinds of measure do you use to track the performance of the employees? | EU2: What types of targets are set for the company? | EV2: What kind of time scale are you looking at with your targets? | EW2: What are your ways of incentivizing your employees? | EX2: Please describe your customers and their customers. If you could also describe your suppliers and their suppliers. | EY2: What do you use the networking and clusters for? Do you develop ideas via networking? | EZ2: How do you develop partnerships with your competitors, clients, or suppliers? | FA2: You told me how many (product/ process/ marketing/ organizational) innovations you introduced. Can you give me examples of these innovations? | FB2: Earlier you were talking about (product/process) innovation being on the (firm/country/world) level. What would it take for you to take the innovation to the next level? | FC2: What are the collaboration examples between the firm and universities and RDIs? | FD2: (If any) Please name R&D centers and universities with whom you collaborate | FE2: I was also wondering, how do you use IPR and why? | FF2: What are the 3 greatest Drivers for innovation and why? | FG2: What are the 3 greatest Barriers to innovation and why? | FH2: Name three services that you need to obtain that would enable developing innovation in your firm. | FI2: Let’s assume that I give you right now 1m USD and you can use that only to invest in innovative projects. What would you invest it in and why? | NF2: What % of the total revenue comes from innovative products/services? | NG2: What was the amount of investment spending over the last 3 years? | NH2: What was the amount of innovation spending over the past 3 years? | NI2: How did the employment change over the last 3 years? Grow/stable/reduced | NJ2: How many of the employees have higher education? | NK2: How many employees have a PhD degree? | NL2: Do you have sufficient technological know how to design and implement significant innovations? (new in the market)? (1 - very low, 5 - very high, 0 - never applied, -7 - don't know) | NM2: Do you have sufficient managerial know how to design and implement significant innovations? (new in the market) (1 - very low, 5 - very high, 0 - never applied, -7 - don't know) | NN2: Do you operate in a traditional/niche/specialized market? | NO2: Are you a market leader or one of many producers of similar products/services? | NP2: On what basis do you compete: price, technology, design, quality? | NQ2: Do you export to simple or sophisticated markets? | NR2: Identification of market needs | NS2: Identification of innovative ideas | NT2: Validation of innovative ideas, financial and technical feasibility studies | NU2: Design | NV2: Prototyping | NW2: Testing | NX2: Production | NY2: Commercialization | NZ2: Do you have a strategy for innovation?/is innovation part of your strategy? | OA2: Do you have an RD/innovation department/staff? | OB2: Do you use interdisciplinary teams to develop innovations? (eg. marketing+construction, scientist etc.) | OC2: Do you have a mechanism for knowledge management (eg. Sharing, competence building)? | OD2: Are you able to develop innovation systematically/constantly? | OE2: Do you have procedures to validate innovative ideas? | OF2: Does your motivation system stimulate risk-taking and innovation? | OG2: do you own patents/licenses or have applied for them? | OH2: How often do you acquire newest technologies? | OI2: Do you create own technologies? | OJ2: - nanotechnology, | OK2: - micro-and nanoelectronics (incl. Semiconductors), | OL2: - advanced materials (polimers, biomaterials, optical materials etc.) | OM2: How often do you use digital platforms to contact your suppliers, manage logistics etc.? | ON2: How often do you use e-commerce? (what % of sales) | OO2: Do you have electronic invoice exchange system? | OP2: bank loan | OQ2: own capital | OR2: venture capital | OS2: private equity | OT2: eu dotations | OU2: eu financial instruments (Jeremie) | OV2: other, which? | OW2: Do you cooperate to create innovations? | OX2: - region | OY2: - country | OZ2: - Europe | PA2: - World | PB2: If you were to assess % of your activities between the following parts of GVC, how would you do this? | PC2: 1. Działalność przedprodukcyjna (projektowanie, zakupy, transport, pozyskiwanie środków, B+R) | PD2: 2. Produkcja (produkcja, magazynowanie podzespołów/części, montaż, transport wewn., pakowanie, magazynowanie )wyrobów gotowych | PE2: 3. Sprzedaż (dystrybucja, transport do odbiorców, serwis, kontakt z użytkownikami) | PF2: 4. Usługi (związane z własnymi produktami, z produktami innych firm, B2B, dla klienta indywidualnego) | PG2: 5. Funkcje pomocnicze (zarządzanie marketing, technologie, finanse, HR) | PH2: Where are your partners from the Value Chain in the World? | PI2: What investment are you planning in the nearest future (e.g. machines/technology/innovation/R&D)
A3: Labels of the variables' values / units | D3: PL AK PP PG DW other | E3: 1 to 4 | P3: % | R3: 1 "yes" 0 "no" | S3: 1 "yes" 0 "no" | T3: 1 "yes" 0 "no" | U3: 1 "very confortable" 2 "confortable" 3 "somewhat" 4 "unconfortable" 5 "very unconfortable" | V3: 1 "yes" 0 "no" | W3: 1 "yes" 0 "no" | Y3: 1 "yes" 0 "no" | Z3: 1 "yes" 0 "no" | AA3: 0 "no" 1 "never" 2 "rarely" 3 "sometimes" 4 "often" 5 "frequently" | AB3: 1 "yes" 0 "no" | AC3: 0 "not relevant" 1 "never" 2 "rarely" 3 "sometimes" 4 "often" 5 "frequently" | AD3: 0 "not relevant" 1 "never" 2 "rarely" 3 "sometimes" 4 "often" 5 "frequently" | AE3: 0 "not relevant" 1 "never" 2 "rarely" 3 "sometimes" 4 "often" 5 "frequently" | AF3: 0 "not relevant" 1 "never" 2 "rarely" 3 "sometimes" 4 "often" 5 "frequently" | AG3: 0 "not relevant" 1 "never" 2 "rarely" 3 "sometimes" 4 "often" 5 "frequently" | AH3: 0 "not relevant" 1 "never" 2 "rarely" 3 "sometimes" 4 "often" 5 "frequently" | AI3: 0 "not relevant" 1 "never" 2 "rarely" 3 "sometimes" 4 "often" 5 "frequently" | AJ3: 0 "not relevant" 1 "never" 2 "rarely" 3 "sometimes" 4 "often" 5 "frequently" | AK3: 0 "not relevant" 1 "never" 2 "rarely" 3 "sometimes" 4 "often" 5 "frequently" | AL3: 0 "not relevant" 1 "never" 2 "rarely" 3 "sometimes" 4 "often" 5 "frequently" | AM3: 0 "not relevant" 1 "never" 2 "rarely" 3 "sometimes" 4 "often" 5 "frequently" | AN3: 0 "not relevant" 1 "never" 2 "rarely" 3 "sometimes" 4 "often" 5 "frequently" | AO3: 0 "not relevant" 1 "never" 2 "rarely" 3 "sometimes" 4 "often" 5 "frequently" | AP3: 0 "not relevant" 1 "never" 2 "rarely" 3 "sometimes" 4 "often" 5 "frequently" | AQ3: 0 "not relevant" 1 "never" 2 "rarely" 3 "sometimes" 4 "often" 5 "frequently" | AS3: 0 "not relevant" 1 "never" 2 "rarely" 3 "sometimes" 4 "often" 5 "frequently" | AT3: 0 "not relevant" 1 "never" 2 "rarely" 3 "sometimes" 4 "often" 5 "frequently" | AU3: 0 "not relevant" 1 "never" 2 "rarely" 3 "sometimes" 4 "often" 5 "frequently" | AV3: 0 "not relevant" 1 "never" 2 "rarely" 3 "sometimes" 4 "often" 5 "frequently" | AW3: 0 "not relevant" 1 "never" 2 "rarely" 3 "sometimes" 4 "often" 5 "frequently" | AX3: 0 "not relevant" 1 "never" 2 "rarely" 3 "sometimes" 4 "often" 5 "frequently" | AY3: 0 "not relevant" 1 "never" 2 "rarely" 3 "sometimes" 4 "often" 5 "frequently" | AZ3: 0 "not relevant" 1 "never" 2 "rarely" 3 "sometimes" 4 "often" 5 "frequently" | BA3: 0 "not relevant" 1 "never" 2 "rarely" 3 "sometimes" 4 "often" 5 "frequently" | BB3: 0 "not relevant" 1 "never" 2 "rarely" 3 "sometimes" 4 "often" 5 "frequently" | BC3: 0 "not relevant" 1 "never" 2 "rarely" 3 "sometimes" 4 "often" 5 "frequently" | BD3: 0 "not relevant" 1 "never" 2 "rarely" 3 "sometimes" 4 "often" 5 "frequently" | BE3: 0 "not relevant" 1 "never" 2 "rarely" 3 "sometimes" 4 "often" 5 "frequently" | BF3: 0 "not relevant" 1 "never" 2 "rarely" 3 "sometimes" 4 "often" 5 "frequently" | BG3: 0 "not relevant" 1 "never" 2 "rarely" 3 "sometimes" 4 "often" 5 "frequently" | BH3: 0 "not relevant" 1 "never" 2 "rarely" 3 "sometimes" 4 "often" 5 "frequently" | BI3: 0 "not relevant" 1 "never" 2 "rarely" 3 "sometimes" 4 "often" 5 "frequently" | BJ3: 0 "not relevant" 1 "never" 2 "rarely" 3 "sometimes" 4 "often" 5 "frequently" | BK3: 0 "not relevant" 1 "never" 2 "rarely" 3 "sometimes" 4 "often" 5 "frequently" | BL3: 0 "not relevant" 1 "never" 2 "rarely" 3 "sometimes" 4 "often" 5 "frequently" | BM3: 0 "not relevant" 1 "never" 2 "rarely" 3 "sometimes" 4 "often" 5 "frequently" | BN3: 0 "not relevant" 1 "never" 2 "rarely" 3 "sometimes" 4 "often" 5 "frequently" | BO3: 0 "not relevant" 1 "never" 2 "rarely" 3 "sometimes" 4 "often" 5 "frequently" | BP3: 0 "not relevant" 1 "never" 2 "rarely" 3 "sometimes" 4 "often" 5 "frequently" | BQ3: 0 "not relevant" 1 "never" 2 "rarely" 3 "sometimes" 4 "often" 5 "frequently" | BR3: 0 "not relevant" 1 "never" 2 "rarely" 3 "sometimes" 4 "often" 5 "frequently" | BS3: 0 "not relevant" 1 "never" 2 "rarely" 3 "sometimes" 4 "often" 5 "frequently" | BT3: 0 "not relevant" 1 "never" 2 "rarely" 3 "sometimes" 4 "often" 5 "frequently" | BU3: 0 "not relevant" 1 "never" 2 "rarely" 3 "sometimes" 4 "often" 5 "frequently" | BV3: 0 "not relevant" 1 "never" 2 "rarely" 3 "sometimes" 4 "often" 5 "frequently" | BW3: 0 "not relevant" 1 "never" 2 "rarely" 3 "sometimes" 4 "often" 5 "frequently" | BX3: 0 "not relevant" 1 "never" 2 "rarely" 3 "sometimes" 4 "often" 5 "frequently" | BY3: 0 "not relevant" 1 "never" 2 "rarely" 3 "sometimes" 4 "often" 5 "frequently" | BZ3: 0 "not relevant" 1 "never" 2 "rarely" 3 "sometimes" 4 "often" 5 "frequently" | CA3: 0 "not relevant" 1 "never" 2 "rarely" 3 "sometimes" 4 "often" 5 "frequently" | CB3: 0 "not relevant" 1 "never" 2 "rarely" 3 "sometimes" 4 "often" 5 "frequently" | CC3: 0 "not relevant" 1 "never" 2 "rarely" 3 "sometimes" 4 "often" 5 "frequently" | CD3: 0 "not relevant" 1 "never" 2 "rarely" 3 "sometimes" 4 "often" 5 "frequently" | CE3: 0 "not relevant" 1 "never" 2 "rarely" 3 "sometimes" 4 "often" 5 "frequently" | CF3: 0 "not relevant" 1 "never" 2 "rarely" 3 "sometimes" 4 "often" 5 "frequently" | CG3: 0 "not relevant" 1 "never" 2 "rarely" 3 "sometimes" 4 "often" 5 "frequently" | CH3: 0 "not relevant" 1 "never" 2 "rarely" 3 "sometimes" 4 "often" 5 "frequently" | CI3: 0 "not relevant" 1 "never" 2 "rarely" 3 "sometimes" 4 "often" 5 "frequently" | CJ3: 0 "not relevant" 1 "never" 2 "rarely" 3 "sometimes" 4 "often" 5 "frequently" | CK3: 0 "not relevant" 1 "never" 2 "rarely" 3 "sometimes" 4 "often" 5 "frequently" | CL3: 0 "not relevant" 1 "never" 2 "rarely" 3 "sometimes" 4 "often" 5 "frequently" | CM3: 0 "not relevant" 1 "never" 2 "rarely" 3 "sometimes" 4 "often" 5 "frequently" | CN3: 0 "not relevant" 1 "never" 2 "rarely" 3 "sometimes" 4 "often" 5 "frequently" | CO3: 0 "not relevant" 1 "never" 2 "rarely" 3 "sometimes" 4 "often" 5 "frequently" | CP3: 0 "not relevant" 1 "never" 2 "rarely" 3 "sometimes" 4 "often" 5 "frequently" | CQ3: 0 "not relevant" 1 "never" 2 "rarely" 3 "sometimes" 4 "often" 5 "frequently" | DB3: 1 "yes" 0 "no" | DR3: 0 "not relevant" 1 "dissatisfied" 2 "slightly dissatisfied" 3 "neither dissatisfied nor satisfied" 4 "slightly satisfied" 5 "satisfied"
B4: ='Economic potential'!E5 -> 0 | C4: ='Economic potential'!F15 -> 0 | D4: ='EXP ASSESS'!C3 -> 0 | E4: 4 | F4: =2015-'Economic potential'!E13-'Economic potential'!F13 -> 2015 | G4: ='Human capital'!H6 -> 0 | H4: ='Economic potential'!F7 -> 0 | I4: ='Economic potential'!F17 -> 0 | J4: ='Economic potential'!F20 -> 0 | K4: ='Economic potential'!F22 -> 0 | L4: ='Economic potential'!L22 -> 0 | M4: ='Economic potential'!L24 -> 0 | N4: ='Economic potential'!F24 -> 0 | Q4: ='Innovation processes'!F35 -> 0 | R4: ='Innovation management'!H6 -> 0 | S4: ='Innovation management'!H8 -> 0 | T4: ='Innovation management'!H10 -> 0 | U4: ='Innovation processes'!F33 -> 0 | V4: ='Relationship management'!J6 -> 0 | W4: ='Relationship management'!H14 -> 0 | X4: ='Relationship management'!J14 -> 0 | Y4: ='Relationship management'!H16 -> 0 | Z4: ='Relationship management'!J20 -> 0 | AA4: ='Relationship management'!J22 -> 0 | AB4: ='Relationship management'!J9 -> 0 | AC4: ='Innovation management'!H12 -> 0 | AD4: ='Innovation management'!H14 -> 0 | AE4: ='Innovation management'!H16 -> 0 | AF4: ='Innovation management'!H18 -> 0 | AG4: =Drivers!H16 -> 0 | AH4: ='Relationship management'!H28 -> 0 | AI4: ='Relationship management'!H38 -> 0 | AJ4: ='Relationship management'!H32 -> 0 | AK4: =Drivers!H6 -> 0 | AL4: =Drivers!H8 -> 0 | AM4: =Drivers!H10 -> 0 | AN4: ='Finance needs'!H8 -> 0 | AO4: =Drivers!H12 -> 0 | AP4: =Drivers!H18 -> 0 | AQ4: =Drivers!H20 -> 0 | AR4: =Drivers!H22 -> (what it is and then 1-5) | AS4: ='Information Sources'!D6 -> 0 | AT4: ='Information Sources'!D7 -> 0 | AU4: ='Information Sources'!D8 -> 0 | AV4: ='Information Sources'!D9 -> 0 | AW4: ='Information Sources'!D10 -> 0 | AX4: ='Information Sources'!D11 -> 0 | AY4: ='Information Sources'!D12 -> 0 | AZ4: ='Information Sources'!D13 -> 0 | BA4: ='Information Sources'!D15 -> 0 | BB4: ='Information Sources'!D16 -> 0 | BC4: ='Information Sources'!D17 -> 0 | BD4: ='Information Sources'!D14 -> 0 | BE4: ='Information Sources'!D18 -> 0 | BF4: ='Information Sources'!D19 -> 0 | BG4: ='Information Sources'!D20 -> 0 | BH4: ='Information Sources'!D22 -> 0 | BI4: ='Information Sources'!D21 -> 0 | BJ4: ='Information Sources'!E6 -> 0 | BK4: ='Information Sources'!E7 -> 0 | BL4: ='Information Sources'!E8 -> 0 | BM4: ='Information Sources'!E9 -> 0 | BN4: ='Information Sources'!E10 -> 0 | BO4: ='Information Sources'!E11 -> 0 | BP4: ='Information Sources'!E12 -> 0 | BQ4: ='Information Sources'!E13 -> 0 | BR4: ='Information Sources'!E16 -> ------------------------ | BS4: ='Information Sources'!E16 -> ------------------------ | BT4: ='Information Sources'!E17 -> 0 | BU4: ='Information Sources'!E14 -> 0 | BV4: ='Information Sources'!E18 -> 0 | BW4: ='Information Sources'!E19 -> 0 | BX4: ='Information Sources'!E20 -> 0 | BY4: ='Information Sources'!E21 -> 0 | BZ4: ='Information Sources'!E22 -> 0 | CA4: ='Growth constraints'!F16 -> 0 | CB4: ='Growth constraints'!F7 -> 0 | CC4: ='Growth constraints'!F12 -> 0 | CD4: ='Growth constraints'!F9 -> 0 | CE4: ='Relationship management'!H30 -> 0 | CF4: ='Relationship management'!H36 -> 0 | CG4: ='Growth constraints'!F14 -> 0 | CH4: ='Growth constraints'!F10 -> 0 | CI4: ='Innovation management'!H20 -> 0 | CJ4: ='Finance needs'!H6 -> 0 | CK4: ='Innovation constraints'!H8 -> 0 | CL4: ='Innovation constraints'!H14 -> 0 | CM4: ='Relationship management'!H34 -> 0 | CN4: ='Relationship management'!H40 -> 0 | CO4: ='Innovation constraints'!H10 -> 0 | CP4: ='Innovation constraints'!H12 -> 0 | CQ4: ='Innovation constraints'!H16 -> 0 | CR4: ='Finance needs'!H12 -> 0 | CS4: ='Finance needs'!H10 -> 0 | CT4: ='Relationship management'!H42 -> 0 | CU4: ='Economic potential'!F26 -> 0 | CV4: ='EXP ASSESS'!I3 -> 0 | CW4: ='EXP ASSESS'!J3 -> 0 | CX4: ='EXP ASSESS'!K3 -> 0 | CY4: ='EXP ASSESS'!L3 -> 0 | CZ4: ='EXP ASSESS'!M3 -> 0 | DB4: ='EXP ASSESS'!P3 -> 0 | DC4: ='EXP ASSESS'!Q3 -> 0 | DD4: ='EXP ASSESS'!R3 -> 0 | DE4: ='EXP ASSESS'!S3 -> 0 | DF4: ='EXP ASSESS'!T3 -> 0 | DH4: ='Innovation processes'!F25 -> 0 | DI4: ='Innovation processes'!F26 -> 0 | DJ4: ='Innovation processes'!F28 -> 0 | DK4: ='Innovation processes'!F27 -> 0 | DL4: ='Innovation processes'!F30 -> 0 | DM4: ='Innovation processes'!F31 -> 0 | DN4: ='Human capital'!H12 -> 0 | DO4: ='Human capital'!H10 -> 0 | DP4: ='Economic potential'!L26 -> 0 | DR4: ='Economic potential'!F28 -> 0 | DS4: ='Economic potential'!L24 -> 0 | DT4: ='Economic potential'!F9 -> 0 | DU4: ='Economic potential'!F10 -> 0 | DV4: ='Economic potential'!F11 -> 0 | DW4: ='Market position'!M12 -> 0 | DX4: ='EXP ASSESS'!U3 -> 0 | DY4: ='EXP ASSESS'!V3 -> 0 | DZ4: ='EXP ASSESS'!W3 -> 0 | EA4: ='EXP ASSESS'!X3 -> 0 | EB4: ='EXP ASSESS'!AA3 -> 0 | EC4: ='EXP ASSESS'!AB3 -> 0 | ED4: ='EXP ASSESS'!Z3 -> 0 | EE4: =IF(SUM(FJ4:FU4)>0,1,0) -> 0 | EF4: =IF(SUM(FV4:GG4)>0,1,0) -> 0 | EG4: =IF(SUM(GH4:GR4)>0,1,0) -> 0 | EH4: =IF(SUM(GS4:HE4)>0,1,0) -> 0 | EI4: =IF(SUM(HF4:HN4)>0,1,0) -> 0 | EJ4: =IF(SUM(HO4:HU4)>0,1,0) -> 0 | EK4: =IF(SUM(HV4:IF4)>0,1,0) -> 0 | EL4: =IF(SUM(IG4:IQ4)>0,1,0) -> 0 | EM4: =IF(SUM(IR4:IV4)>0,1,0) -> 0 | EN4: =IF(SUM(IW4:JG4)>0,1,0) -> 0 | EO4: =SUM(EE4:EN4) -> 0 | EP4: ='Market position'!M19 -> Open | EQ4: ='Market position'!M21 -> Open | ER4: ='Technology usage'!E24 -> Open | ES4: ='Market position'!M17 -> Open | ET4: ='Human capital'!F23 -> Open | EU4: ='Innovation management'!E40 -> Open | EV4: ='Innovation management'!E42 -> Open | EW4: ='Human capital'!F25 -> Open | EX4: ='Relationship management'!H44 -> Open | EZ4: ='Relationship management'!H46 -> Open | FA4: ='Innovation processes'!E40 -> Open | FB4: ='Innovation processes'!E38 -> Open | FC4: ='Information Sources'!D24 -> Open | FD4: ='Information Sources'!D26 -> Open | FE4: =Drivers!G25 -> Open | FF4: =Drivers!G27 -> Open | FG4: ='Innovation constraints'!E19 -> Open | FH4: ='Finance needs'!E24 -> Open | FI4: ='Innovation processes'!E42 -> Open | FJ4: ='IS3'!D5 -> 0 | FK4: ='IS3'!D6 -> 0 | FL4: ='IS3'!D7 -> 0 | FM4: ='IS3'!D8 -> 0 | FN4: ='IS3'!D9 -> 0 | FO4: ='IS3'!D10 -> 0 | FP4: ='IS3'!D11 -> 0 | FQ4: ='IS3'!D12 -> 0 | FR4: ='IS3'!D13 -> 0 | FS4: ='IS3'!D14 -> 0 | FT4: ='IS3'!D15 -> 0 | FU4: ='IS3'!D16 -> 0 | FV4: ='IS3'!D19 -> 0 | FW4: ='IS3'!D20 -> 0 | FX4: ='IS3'!D21 -> 0 | FY4: ='IS3'!D22 -> 0 | FZ4: ='IS3'!D23 -> 0 | GA4: ='IS3'!D24 -> 0 | GB4: ='IS3'!D25 -> 0 | GC4: ='IS3'!D26 -> 0 | GD4: ='IS3'!D27 -> 0 | GE4: ='IS3'!D28 -> 0 | GF4: ='IS3'!D29 -> 0 | GG4: ='IS3'!D30 -> 0 | GH4: ='IS3'!D35 -> 0 | GI4: ='IS3'!D36 -> 0 | GJ4: ='IS3'!D37 -> 0 | GK4: ='IS3'!D38 -> 0 | GL4: ='IS3'!D39 -> 0 | GM4: ='IS3'!D40 -> 0 | GN4: ='IS3'!D41 -> 0 | GO4: ='IS3'!D42 -> 0 | GP4: ='IS3'!D43 -> 0 | GQ4: ='IS3'!D44 -> 0 | GR4: ='IS3'!D45 -> 0 | GS4: ='IS3'!D49 -> 0 | GT4: ='IS3'!D50 -> 0 | GU4: ='IS3'!D51 -> 0 | GV4: ='IS3'!D52 -> 0 | GW4: ='IS3'!D53 -> 0 | GX4: ='IS3'!D54 -> 0 | GY4: ='IS3'!D55 -> 0 | GZ4: ='IS3'!D56 -> 0 | HA4: ='IS3'!D57 -> 0 | HB4: ='IS3'!D58 -> 0 | HC4: ='IS3'!D59 -> 0 | HD4: ='IS3'!D60 -> 0 | HE4: ='IS3'!D61 -> 0 | HF4: ='IS3'!D66 -> 0 | HG4: ='IS3'!D67 -> 0 | HH4: ='IS3'!D68 -> 0 | HI4: ='IS3'!D69 -> 0 | HJ4: ='IS3'!D70 -> 0 | HK4: ='IS3'!D71 -> 0 | HL4: ='IS3'!D72 -> 0 | HM4: ='IS3'!D73 -> 0 | HN4: ='IS3'!D74 -> 0 | HO4: ='IS3'!D77 -> 0 | HP4: ='IS3'!D78 -> 0 | HQ4: ='IS3'!D79 -> 0 | HR4: ='IS3'!D80 -> 0 | HS4: ='IS3'!D81 -> 0 | HT4: ='IS3'!D82 -> 0 | HU4: ='IS3'!D83 -> 0 | HV4: ='IS3'!D88 -> 0 | HW4: ='IS3'!D89 -> 0 | HX4: ='IS3'!D90 -> 0 | HY4: ='IS3'!D91 -> 0 | HZ4: ='IS3'!D92 -> 0 | IA4: ='IS3'!D93 -> 0 | IB4: ='IS3'!D94 -> 0 | IC4: ='IS3'!D95 -> 0 | ID4: ='IS3'!D96 -> 0 | IE4: ='IS3'!D97 -> 0 | IF4: ='IS3'!D98 -> 0 | IG4: ='IS3'!D101 -> 0 | IH4: ='IS3'!D102 -> 0 | II4: ='IS3'!D103 -> 0 | IJ4: ='IS3'!D104 -> 0 | IK4: ='IS3'!D105 -> 0 | IL4: ='IS3'!D106 -> 0 | IM4: ='IS3'!D107 -> 0 | IN4: ='IS3'!D108 -> 0 | IO4: ='IS3'!D109 -> 0 | IP4: ='IS3'!D110 -> 0 | IQ4: ='IS3'!D111 -> 0 | IR4: ='IS3'!D116 -> 0 | IS4: ='IS3'!D117 -> 0 | IT4: ='IS3'!D118 -> 0 | IU4: ='IS3'!D119 -> 0 | IV4: ='IS3'!D120 -> 0 | IW4: ='IS3'!D123 -> 0 | IX4: ='IS3'!D124 -> 0 | IY4: ='IS3'!D125 -> 0 | IZ4: ='IS3'!D126 -> 0 | JA4: ='IS3'!D127 -> 0 | JB4: ='IS3'!D128 -> 0 | JC4: ='IS3'!D129 -> 0 | JD4: ='IS3'!D130 -> 0 | JE4: ='IS3'!D131 -> 0 | JF4: ='IS3'!D132 -> 0 | JG4: ='IS3'!D133 -> 0 | JH4: ='IS3'!E5 -> 0 | JI4: ='IS3'!E6 -> 0 | JJ4: ='IS3'!E7 -> 0 | JK4: ='IS3'!E8 -> 0 | JL4: ='IS3'!E9 -> 0 | JM4: ='IS3'!E10 -> 0 | JN4: ='IS3'!E11 -> 0 | JO4: ='IS3'!E12 -> 0 | JP4: ='IS3'!E13 -> 0 | JQ4: ='IS3'!E14 -> 0 | JR4: ='IS3'!E15 -> 0 | JS4: ='IS3'!E16 -> 0 | JT4: ='IS3'!E19 -> 0 | JU4: ='IS3'!E20 -> 0 | JV4: ='IS3'!E21 -> 0 | JW4: ='IS3'!E22 -> 0 | JX4: ='IS3'!E23 -> 0 | JY4: ='IS3'!E24 -> 0 | JZ4: ='IS3'!E25 -> 0 | KA4: ='IS3'!E26 -> 0 | KB4: ='IS3'!E27 -> 0 | KC4: ='IS3'!E28 -> 0 | KD4: ='IS3'!E29 -> 0 | KE4: ='IS3'!E30 -> 0 | KF4: ='IS3'!E35 -> 0 | KG4: ='IS3'!E36 -> 0 | KH4: ='IS3'!E37 -> 0 | KI4: ='IS3'!E38 -> 0 | KJ4: ='IS3'!E39 -> 0 | KK4: ='IS3'!E40 -> 0 | KL4: ='IS3'!E41 -> 0 | KM4: ='IS3'!E42 -> 0 | KN4: ='IS3'!E43 -> 0 | KO4: ='IS3'!E44 -> 0 | KP4: ='IS3'!E45 -> 0 | KQ4: ='IS3'!E49 -> 0 | KR4: ='IS3'!E50 -> 0 | KS4: ='IS3'!E51 -> 0 | KT4: ='IS3'!E52 -> 0 | KU4: ='IS3'!E53 -> 0 | KV4: ='IS3'!E54 -> 0 | KW4: ='IS3'!E55 -> 0 | KX4: ='IS3'!E56 -> 0 | KY4: ='IS3'!E57 -> 0 | KZ4: ='IS3'!E58 -> 0 | LA4: ='IS3'!E59 -> 0 | LB4: ='IS3'!E60 -> 0 | LC4: ='IS3'!E61 -> 0 | LD4: ='IS3'!E66 -> 0 | LE4: ='IS3'!E67 -> 0 | LF4: ='IS3'!E68 -> 0 | LG4: ='IS3'!E69 -> 0 | LH4: ='IS3'!E70 -> 0 | LI4: ='IS3'!E71 -> 0 | LJ4: ='IS3'!E72 -> 0 | LK4: ='IS3'!E73 -> 0 | LL4: ='IS3'!E74 -> 0 | LM4: ='IS3'!E77 -> 0 | LN4: ='IS3'!E78 -> 0 | LO4: ='IS3'!E79 -> 0 | LP4: ='IS3'!E80 -> 0 | LQ4: ='IS3'!E81 -> 0 | LR4: ='IS3'!E82 -> 0 | LS4: ='IS3'!E83 -> 0 | LT4: ='IS3'!E88 -> 0 | LU4: ='IS3'!E89 -> 0 | LV4: ='IS3'!E90 -> 0 | LW4: ='IS3'!E91 -> 0 | LX4: ='IS3'!E92 -> 0 | LY4: ='IS3'!E93 -> 0 | LZ4: ='IS3'!E94 -> 0 | MA4: ='IS3'!E95 -> 0 | MB4: ='IS3'!E96 -> 0 | MC4: ='IS3'!E97 -> 0 | MD4: ='IS3'!E98 -> 0 | ME4: ='IS3'!E101 -> 0 | MF4: ='IS3'!E102 -> 0 | MG4: ='IS3'!E103 -> 0 | MH4: ='IS3'!E104 -> 0 | MI4: ='IS3'!E105 -> 0 | MJ4: ='IS3'!E106 -> 0 | MK4: ='IS3'!E107 -> 0 | ML4: ='IS3'!E108 -> 0 | MM4: ='IS3'!E109 -> 0 | MN4: ='IS3'!E110 -> 0 | MO4: ='IS3'!E111 -> 0 | MP4: ='IS3'!E116 -> 0 | MQ4: ='IS3'!E117 -> 0 | MR4: ='IS3'!E118 -> 0 | MS4: ='IS3'!E119 -> 0 | MT4: ='IS3'!E120 -> 0 | MU4: ='IS3'!E123 -> 0 | MV4: ='IS3'!E124 -> 0 | MW4: ='IS3'!E125 -> 0 | MX4: ='IS3'!E126 -> 0 | MY4: ='IS3'!E127 -> 0 | MZ4: ='IS3'!E128 -> 0 | NA4: ='IS3'!E129 -> 0 | NB4: ='IS3'!E130 -> 0 | NC4: ='IS3'!E131 -> 0 | ND4: ='IS3'!E132 -> 0 | NE4: ='IS3'!E133 -> 0 | NF4: ='Economic potential'!L15 -> 0 | NG4: ='Economic potential'!L17 -> 0 | NH4: ='Economic potential'!L20 -> 0 | NI4: ='Human capital'!H8 -> 0 | NJ4: ='Human capital'!H14 -> 0 | NK4: ='Human capital'!H16 -> 0 | NL4: ='Human capital'!H18 -> 0 | NM4: ='Human capital'!H20 -> 0 | NN4: ='Market position'!M6 -> 0 | NO4: ='Market position'!M8 -> 0 | NP4: ='Market position'!M10 -> 0 | NQ4: ='Market position'!M14 -> 0 | NR4: ='Innovation processes'!H8 -> 0 | NS4: ='Innovation processes'!H10 -> 0 | NT4: ='Innovation processes'!H12 -> 0 | NU4: ='Innovation processes'!H14 -> 0 | NV4: ='Innovation processes'!H16 -> 0 | NW4: ='Innovation processes'!H18 -> 0 | NX4: ='Innovation processes'!H20 -> 0 | NY4: ='Innovation processes'!H22 -> 0 | NZ4: ='Innovation management'!H22 -> 0 | OA4: ='Innovation management'!H24 -> 0 | OB4: ='Innovation management'!H26 -> 0 | OC4: ='Innovation management'!H28 -> 0 | OD4: ='Innovation management'!H30 -> 0 | OE4: ='Innovation management'!H32 -> 0 | OF4: ='Innovation management'!H34 -> 0 | OG4: ='Innovation management'!H36 -> 0 | OH4: ='Technology usage'!H6 -> 0 | OI4: ='Technology usage'!H8 -> 0 | OJ4: ='Technology usage'!H11 -> 0 | OK4: ='Technology usage'!H12 -> 0 | OL4: ='Technology usage'!H13 -> 0 | OM4: ='Technology usage'!H17 -> 0 | ON4: ='Technology usage'!H19 -> 0 | OO4: ='Technology usage'!H21 -> 0 | OP4: ='Finance needs'!H15 -> 0 | OQ4: ='Finance needs'!H16 -> 0 | OR4: ='Finance needs'!H17 -> 0 | OS4: ='Finance needs'!H18 -> 0 | OT4: ='Finance needs'!H19 -> 0 | OU4: ='Finance needs'!H20 -> 0 | OV4: ='Finance needs'!H21 -> 0 | OW4: ='Relationship management'!H26 -> 0 | OX4: ='Place in GVC'!H7 -> 0 | OY4: ='Place in GVC'!H8 -> 0 | OZ4: ='Place in GVC'!H9 -> 0 | PA4: ='Place in GVC'!H10 -> 0 | PB4: ='Place in GVC'!H12 -> 0 | PC4: ='Place in GVC'!H14 -> 0 | PD4: ='Place in GVC'!H16 -> 0 | PE4: ='Place in GVC'!H18 -> 0 | PF4: ='Place in GVC'!H20 -> 0 | PG4: ='Place in GVC'!H22 -> 0 | PH4: ='Place in GVC'!E25 -> Open | PI4: ='Finance needs'!E28 -> Open

Sheet Relationship management
C3: Relationship management | N3: When inserting comments or important additional information, please use provided cells
C6: Customer knowledge | D6: Do you systematically collect information about your customers? | K6: Yes = 1 No = 0
D9: Do you systematically use and update Customer Relationship Management (CRM) system in your company? | K9: Yes = 1 No = 0
N13: Do you leverage your suppliers to do R&D?
C14: Supplier knowledge | D14: Do you leverage your suppliers to do R&D? (Yes / No) | I14: Yes = 1 No = 0 | K14: K PLN
N15: (Probe if a company uses information it collects)
D16: Do you systematically collect information about your suppliers? | K16: Yes = 1 No = 0
N19: (Probe if a company uses information it collects)
C20: Competitors knowledge | D20: Do you systematically collect information about your competitors? | K20: Yes = 1 No = 0
D22: How often do you develop partnership with yours competitors ? (From 1 - Never to 5 frequently)
C26: Do you cooperate to create innovations? | L26: Yes = 1 No = 0
C28: How often are your Competitors a driver for innovation?
C30: How often are the Competitors a constraint to growth?
C32: How often are your Customers a driver for innovation?
C34: How often are Customers a constraint to innovation?
C36: How often are the Customers a constraint to growth?
C38: How often are your Suppliers a driver for innovation?
C40: How often are Suppliers a constraint to innovation?
C42: Level of satisfaction working with RDIs (1 - very bad - 5 - very good)
C44: Please describe your customers and their customers. If you could also describe your suppliers and their suppliers. | H44: Open
C46: How do you develop partnerships with your competitors, clients, or suppliers? | H46: Open

Sheet Place in GVC
C3: Place in the GVC | L3: When inserting comments or important additional information, please use provided cells
D6: Where is your value chain based (cross one box)
D7: - Region
D8: - Country
D9: - Europe
D10: - World
D12: What part (%) of following activities are you doing by yourself in your firm?
D14: 1. Preproduction activities (designing, shopping, transportation, funds acquiring, R&D)
D16: 2. Production (production, storaging of parts, assembly, inside transportation, packaging, final products storaging)
D18: 3. Sales distribution, custtomer transportation, service, customers contact)
D20: 4. Services (concerning own products, competitors' products, B2B, for individual client)
D22: 5. Auxilliary functions (management, marketing, technological, finance, HR)
D25: Where are your partners from the Value Chain in the World? | E25: Open

Sheet EXP ASSESS
A1: Unique ID | B1: COMPANY | C1: Expert | D1: Date of meeting | E1: Round | G1: Size | H1: Main Activity | I1: Assessments quoted 1 to 5 | N1: SUM: | O1: Overall assessment (type a X for the relevant case) | Z1: General Comments | AA1: What was the overall quality of the interview (1 to 5 scale) | AB1: Respondent willingness to reveal information (1 to 5 scale)
F2: City | I2: willingness to grow | J2: visionary ability | K2: ability to change (in their heads - mindset) | L2: capacity to absorb changes (resources: people/money+time to change) | M2: potential to internationa-lize | O2: Prediction | P2: Super Champion: candidate for a benchmark | Q2: Emerging Champion: Too young/small to be SC | R2: Sleeping beauty: having potential, cautious, satisfied | S2: Steady state: carry on more less the same - business as usual | T2: Stagnant: declining market, don't have ability, doomed | U2: Specific support needed? | V2: 3 key take-aways from the interview with firm
B3: ='Economic potential'!E5 -> 0 | G3: ='Human capital'!H6 -> 0 | H3: ='Economic potential'!F15 -> 0 | N3: =(I3+J3+K3+L3+M3)/5 -> 0 | O3: =Scoring!B14 -> Most probably a champion
L11: Probability of firm being a champion:

Sheet Data-current-company (2)
B1: Company's structure
B2: Procurement | C2: Sales / marketing | D2: Management | E2: Quality | F2: Manufacturing | G2: Finance | H2: Technical development | I2: Support staff
A3: Structure (%) | B3: ='Human capital'!D10 -> How many employees in your firm are currently performing the R&D work? | C3: ='Human capital'!E9 -> 0 | D3: ='Human capital'!F9 -> 0 | E3: ='Human capital'!G9 -> 0 | F3: ='Human capital'!H9 -> 0 | G3: ='Human capital'!#REF! -> #REF! | H3: ='Human capital'!#REF! -> #REF! | I3: ='Human capital'!I9 -> 0 | J3: =SUM(B3:I3) -> #REF!
A4: Which departments are most instrumental in introducing changes (Organisational, process, product etc)? * | B4: ='Human capital'!#REF! -> #REF! | C4: ='Human capital'!E10 -> 0 | D4: ='Human capital'!F10 -> 0 | E4: ='Human capital'!G10 -> 0 | F4: ='Human capital'!H10 -> 0 | G4: ='Human capital'!#REF! -> #REF! | H4: ='Human capital'!#REF! -> #REF! | I4: ='Human capital'!I10 -> 0
A6: Experience structure | B6: Company's structure
A7: < 1 years | D7: Use of internal resources
A8: 2-5 years | D8: Technical development
A9: 6 – 10 years | D9: Finance
A10: 11 – 15 years | D10: C&S knowledge
A11: 16 – 20 years | D11: Market knowledge
A12: 20- 25 years
A13: > 25 years
A14: Company's structure
A15: A-level
A16: Technical diploma
A17: Degree
A18: Master / PhD level
A19: Other, specify
A20: No specific diploma
B22: Innovation strategy | E22: Innovation strategy Champions
A23: Reactive | B23: =#REF! -> #REF! | E23: 0.64516129
A24: Proactive | B24: =#REF! -> #REF! | E24: 1
A25: Pre-emptive | B25: =#REF! -> #REF! | E25: 0.64516129
A26: Product | B26: =#REF! -> #REF! | E26: 4
A27: Process | B27: =#REF! -> #REF! | E27: 3.483871
A28: Organizational | B28: =#REF! -> #REF! | E28: 2.7741935
A29: Marketing | B29: =#REF! -> #REF! | E29: 2.8846154
B33: =IF(B32="TRUE",-2,"")
A40: Drivers | B40: Company score | C40: Trans-regional weighting | D40: Total company score | E40: Global Benchmark | F40: Champions
A41: Company’s local Management / staff vision | B41: =#REF! -> #REF! | C41: =#REF! -> #REF! | D41: =B41*C41 -> #REF! | E41: 4.3106061 | F41: 4.516129
A42: Group’s management | B42: =#REF! -> #REF! | C42: =#REF! -> #REF! | D42: =B42*C42 -> #REF! | E42: 1.2651515 | F42: 1.7741935
A43: R&D department | B43: =#REF! -> #REF! | C43: =#REF! -> #REF! | D43: =B43*C43 -> #REF! | E43: 3.0152672 | F43: 3.6129032
A44: Employee personal initiative | B44: =#REF! -> #REF! | C44: =#REF! -> #REF! | D44: =B44*C44 -> #REF! | E44: 2.6969697 | F44: 3.3870968
A45: Company’s growth | B45: =#REF! -> #REF! | C45: =#REF! -> #REF! | D45: =B45*C45 -> #REF! | E45: 3.5 | F45: 4.1290323
A46: New market opportunities | B46: =#REF! -> #REF! | C46: =#REF! -> #REF! | D46: =B46*C46 -> #REF! | E46: 3.9015152 | F46: 4.3870968
A47: Market development (trend) | B47: =#REF! -> #REF! | C47: =#REF! -> #REF! | D47: =B47*C47 -> #REF! | E47: 3.5 | F47: 4.4193548
A48: Competitors | B48: =#REF! -> #REF! | C48: =#REF! -> #REF! | D48: =B48*C48 -> #REF! | E48: 2.8106061 | F48: 2.9677419
A49: Customers | B49: =#REF! -> #REF! | C49: =#REF! -> #REF! | D49: =B49*C49 -> #REF! | E49: 3.5151515 | F49: 3.6451613
A50: Export activities | B50: =#REF! -> #REF! | C50: =#REF! -> #REF! | D50: =B50*C50 -> #REF! | E50: 1.9465649 | F50: 2.483871
A51: Suppliers by information exchange | B51: =#REF! -> #REF! | C51: =#REF! -> #REF! | D51: =B51*C51 -> #REF! | E51: 2.5496183 | F51: 2.8064516
A52: Suppliers influencing my final product | B52: =#REF! -> #REF! | C52: =#REF! -> #REF! | D52: =B52*C52 -> #REF! | E52: 1.8854962 | F52: 2.1935484
... A54: Supplier’s Suppliers by information exchange | B54: =#REF! -> #REF! | C54: =#REF! -> #REF! | D54: =B54*C54 -> #REF! | E54: 0.58015267 | F54: 0.70967742
A55: Customers (help to innovate) | B55: =Drivers!#REF! -> #REF! | C55: =#REF! -> #REF! | D55: =B55*C55 -> #REF! | E55: 3.2748092 | F55: 3.4516129
A56: Customers by providing innovating end product | B56: =Drivers!#REF! -> #REF! | C56: =#REF! -> #REF! | D56: =B56*C56 -> #REF! | E56: 1.4580153 | F56: 1.516129
A57: Customer’s customers | B57: =Drivers!#REF! -> #REF! | C57: =#REF! -> #REF! | D57: =B57*C57 -> #REF! | E57: 1.3129771 | F57: 1.5806452
A58: IPR | B58: =Drivers!H6 -> 0 | C58: =#REF! -> #REF! | D58: =B58*C58 -> #REF! | E58: 1.3384615 | F58: 1.2580645
A59: Certification / Quality | B59: =Drivers!H8 -> 0 | C59: =#REF! -> #REF! | D59: =B59*C59 -> #REF! | E59: 2.1068702 | F59: 2.516129
A60: Environmental legislation | B60: =Drivers!#REF! -> #REF! | C60: =#REF! -> #REF! | D60: =B60*C60 -> #REF! | E60: 2.030303 | F60: 2.3225806
A61: National legislation | B61: =Drivers!H10 -> 0 | C61: =#REF! -> #REF! | D61: =B61*C61 -> #REF! | E61: 1.8181818 | F61: 2
A62: International legislation | B62: =Drivers!H12 -> 0 | C62: =#REF! -> #REF! | D62: =B62*C62 -> #REF! | E62: 1.6893939 | F62: 2
A63: Price decreasing | B63: =Drivers!#REF! -> #REF! | C63: =#REF! -> #REF! | D63: =B63*C63 -> #REF! | E63: 2.5151515 | F63: 2.9354839
A64: Production costs decrease | B64: =Drivers!H18 -> 0 | C64: =#REF! -> #REF! | D64: =B64*C64 -> #REF! | E64: 2.7575758 | F64: 3.0645161
A65: Sources of funding | B65: =Drivers!H22 -> (what it is and then 1-5) | C65: =#REF! -> #REF! | D65: =B65*C65 -> #VALUE! | E65: 1.5606061 | F65: 2.1612903
A66: Product quality | B66: =#REF! -> #REF! | C66: =#REF! -> #REF! | D66: =B66*C66 -> #REF! | E66: 3.530303 | F66: 3.7419355
A67: New technology and processes | B67: =#REF! -> #REF! | C67: =#REF! -> #REF! | D67: =B67*C67 -> #REF! | E67: 3.3787879 | F67: 4.0322581
A68: Production machine obsolescence | B68: =#REF! -> #REF! | C68: =#REF! -> #REF! | D68: =B68*C68 -> #REF! | E68: 1.4469697 | F68: 1.6451613
A69: New product development | B69: =#REF! -> #REF! | C69: =#REF! -> #REF! | D69: =B69*C69 -> #REF! | E69: 3.3636364 | F69: 3.6774194
A70: Manufacturing benefit | B70: =#REF! -> #REF! | C70: =#REF! -> #REF! | D70: =B70*C70 -> #REF! | E70: 2.280303 | F70: 2.3548387
A72: Innovation sources used | B72: Company score | C72: Benchmark
A73: Technical development | D73: Champions
A74: Internal company resources | B74: ='Information Sources'!D6 -> 0 | C74: 3.6969697 | D74: 3.5483871
A75: Research organisation | B75: ='Information Sources'!D7 -> 0 | C75: 1.7099237 | D75: 2
A76: Universities | B76: ='Information Sources'!D8 -> 0 | C76: 2.0992366 | D76: 2.2258065
A77: Test house | B77: ='Information Sources'!D9 -> 0 | C77: 1.0230769 | D77: 0.86666667
A78: Trade association | B78: ='Information Sources'!D10 -> 0 | C78: 1.3863636 | D78: 1.2903226
A79: Public organisation supporting SMEs | B79: ='Information Sources'!D11 -> 0 | C79: 1.2671756 | D79: 1.1290323
A80: Private Consultants | B80: ='Information Sources'!D12 -> 0 | C80: 1.5114504 | D80: 1.5806452
A81: Clusters members/ networking | B81: ='Information Sources'!D13 -> 0 | C81: 1.8030303 | D81: 1.9677419
A82: Customers | B82: ='Information Sources'!D14 -> 0 | C82: 2.5757576 | D82: 2.5483871
A83: Customer's Customers | B83: ='Information Sources'!D15 -> 0 | C83: 0.97709924 | D83: 1.1935484
A84: Suppliers | B84: ='Information Sources'!#REF! -> #REF! | C84: 2.2900763 | D84: 2.3225806
A85: Supplier's suppliers | B85: ='Information Sources'!#REF! -> #REF! | C85: 0.48461538 | D85: 0.56666667
A86: National governments | B86: ='Information Sources'!#REF! -> #REF! | C86: 1.0757576 | D86: 1.0967742
A87: Regional governments | B87: ='Information Sources'!#REF! -> #REF! | C87: 1.0530303 | D87: 0.93548387
A88: EU | B88: ='Information Sources'!D16 -> 0 | C88: 1.3740458 | D88: 1.2903226
A89: Internet | B89: =#REF! -> #REF! | C89: 3.8939394 | D89: 3.7419355
A90: Social Networks | B90: =#REF! -> #REF! | C90: 1.4444444 | D90: 1.3846154
A91: Exhibitions | B91: =#REF! -> #REF! | C91: 3.1136364 | D91: 3.1612903
A92: Seminars | B92: =#REF! -> #REF! | C92: 2.6287879 | D92: 2.9032258
A93: Technical literature | B93: =#REF! -> #REF! | C93: 2.9312977 | D93: 3.0645161
A94: Business Angels | B94: =#REF! -> #REF! | C94: 0.51908397 | D94: 0.58064516
A95: Venture capital | B95: =#REF! -> #REF! | C95: 0.58778626 | D95: 0.77419355
A99: Innovation sources used | B99: Company score | C99: Benchmark
A100: Market | D100: Champions
A101: Internal company resources | B101: ='Information Sources'!E6 -> 0 | C101: 2.7348485 | D101: 2.9032258
A102: Research organisation | B102: ='Information Sources'!E7 -> 0 | C102: 1.129771 | D102: 1.2903226
A103: Universities | B103: ='Information Sources'!E8 -> 0 | C103: 1.0152672 | D103: 1.2903226
A104: Test house | B104: ='Information Sources'!E9 -> 0 | C104: 0.53846154 | D104: 0.36666667
A105: Trade association | B105: ='Information Sources'!E10 -> 0 | C105: 1.3106061 | D105: 1.3870968
A106: Public organisation supporting SMEs | B106: ='Information Sources'!E11 -> 0 | C106: 1.129771 | D106: 1
A107: Private Consultants | B107: ='Information Sources'!E12 -> 0 | C107: 1.1984733 | D107: 1.0967742
A108: Clusters members/ networking | B108: ='Information Sources'!E13 -> 0 | C108: 1.4848485 | D108: 1.6451613
A109: Customers | B109: ='Information Sources'!E14 -> 0 | C109: 2.4469697 | D109: 2.6451613
A110: Customer's Customers | B110: ='Information Sources'!E15 -> ------------------------ | C110: 0.90839695 | D110: 1.1612903
A111: Suppliers | B111: ='Information Sources'!#REF! -> #REF! | C111: 1.4961832 | D111: 1.8064516
A112: Supplier's suppliers | B112: ='Information Sources'!#REF! -> #REF! | C112: 0.32307692 | D112: 0.36666667
A113: National governments | B113: ='Information Sources'!#REF! -> #REF! | C113: 1.030303 | D113: 1.0967742
A114: Regional governments | B114: ='Information Sources'!#REF! -> #REF! | C114: 0.93939394 | D114: 1.0322581
A115: EU | B115: ='Information Sources'!E16 -> ------------------------ | C115: 1.1145038 | D115: 1.1935484
A116: Internet | B116: =#REF! -> #REF! | C116: 3.2954545 | D116: 3.3548387
...

Sheet Data-current-company
B1: Company's structure
B2: Procurement | C2: Sales / marketing | D2: Management | E2: Quality | F2: Manufacturing | G2: Finance | H2: Technical development | I2: Support staff
A3: Structure (%) | B3: ='Human capital'!D10 -> How many employees in your firm are currently performing the R&D work? | C3: ='Human capital'!E9 -> 0 | D3: ='Human capital'!F9 -> 0 | E3: ='Human capital'!G9 -> 0 | F3: ='Human capital'!H9 -> 0 | G3: ='Human capital'!#REF! -> #REF! | H3: ='Human capital'!#REF! -> #REF! | I3: ='Human capital'!I9 -> 0 | J3: =SUM(B3:I3) -> #REF!
A4: Which departments are most instrumental in introducing changes (Organisational, process, product etc)? * | B4: ='Human capital'!#REF! -> #REF! | C4: ='Human capital'!E10 -> 0 | D4: ='Human capital'!F10 -> 0 | E4: ='Human capital'!G10 -> 0 | F4: ='Human capital'!H10 -> 0 | G4: ='Human capital'!#REF! -> #REF! | H4: ='Human capital'!#REF! -> #REF! | I4: ='Human capital'!I10 -> 0
A6: Experience structure | B6: Company's structure
A7: < 1 years | D7: Use of internal resources
A8: 2-5 years | D8: Technical development
A9: 6 – 10 years | D9: Finance
A10: 11 – 15 years | D10: C&S knowledge
A11: 16 – 20 years | D11: Market knowledge
A12: 20- 25 years
A13: > 25 years
A14: Company's structure
A15: A-level
A16: Technical diploma
A17: Degree
A18: Master / PhD level
A19: Other, specify
A20: No specific diploma
B22: Innovation strategy | E22: Innovation strategy Champions
A23: Reactive | B23: ='Innovation management'!H6*4.5 -> 0 | E23: =5*0.645161290322581 -> 3.2258065
A24: Proactive | B24: ='Innovation management'!H8*4.5 -> 0 | E24: =5*1 -> 5
A25: Pre-emptive | B25: ='Innovation management'!H10*4.5 -> 0 | E25: =5*0.645161290322581 -> 3.2258065
A26: Product | B26: =MAX(B32:H32) -> 0 | C26: ='Innovation processes'!F25 -> 0 | E26: 4
A27: Process | B27: =MAX(B33:H33) -> 0 | C27: ='Innovation processes'!F26 -> 0 | E27: 3.483871
A28: Organizational | B28: =MAX(B34:H34) -> 0 | C28: ='Innovation processes'!F27 -> 0 | E28: 2.7741935
A29: Marketing | B29: =MAX(B35:H35) -> 0 | C29: ='Innovation processes'!F28 -> 0 | E29: 2.8846154
B32: =IF(C26<=0,C32,0) -> 0 | C32: =IF(C26<=1,D32,1) -> 0 | D32: =IF(C26<=5,E32,2) -> 0 | E32: =IF(C26<=9,F32,3) -> 0 | F32: =IF(C26<=15,G32,4) -> 0 | G32: =IF(C26<=30,H32,5) -> 0
B33: =IF(C27<=0,C33,0) -> 0 | C33: =IF(C27<=1,D33,1) -> 0 | D33: =IF(C27<=5,E33,2) -> 0 | E33: =IF(C27<=9,F33,3) -> 0 | F33: =IF(C27<=15,G33,4) -> 0 | G33: =IF(C27<=30,H33,5) -> 0
B34: =IF(C28<=0,C34,0) -> 0 | C34: =IF(C28<=1,D34,1) -> 0 | D34: =IF(C28<=5,E34,2) -> 0 | E34: =IF(C28<=9,F34,3) -> 0 | F34: =IF(C28<=15,G34,4) -> 0 | G34: =IF(C28<=30,H34,5) -> 0
B35: =IF(C29<=0,C35,0) -> 0 | C35: =IF(C29<=1,D35,1) -> 0 | D35: =IF(C29<=5,E35,2) -> 0 | E35: =IF(C29<=9,F35,3) -> 0 | F35: =IF(C29<=15,G35,4) -> 0 | G35: =IF(C29<=30,H35,5) -> 0
A40: Drivers | B40: Company score | C40: Trans-regional weighting | D40: Total company score | E40: Global Benchmark | F40: Champions
A41: Company’s management mindset | B41: ='Innovation management'!H12 -> 0 | C41: =#REF! -> #REF! | D41: =B41*C41 -> #REF! | E41: 4.3106061 | F41: 4.516129
A42: R&D department | B42: ='Innovation management'!H14 -> 0 | C42: =#REF! -> #REF! | D42: =B42*C42 -> #REF! | E42: 3.0152672 | F42: 3.6129032
A43: Employee personal initiative | B43: ='Innovation management'!H16 -> 0 | C43: =#REF! -> #REF! | D43: =B43*C43 -> #REF! | E43: 2.6969697 | F43: 3.3870968
A44: Use of innovation to grow business | B44: ='Innovation management'!H18 -> 0 | C44: =#REF! -> #REF! | D44: =B44*C44 -> #REF! | E44: 3.5 | F44: 4.1290323
A45: New market opportunities | B45: =Drivers!H16 -> 0 | C45: =#REF! -> #REF! | D45: =B45*C45 -> #REF! | E45: 3.9015152 | F45: 4.3870968
A46: Competitors | B46: ='Relationship management'!H28 -> 0 | C46: =#REF! -> #REF! | D46: =B46*C46 -> #REF! | E46: 2.8106061 | F46: 2.9677419
A47: Customers | B47: ='Relationship management'!H32 -> 0 | C47: =#REF! -> #REF! | D47: =B47*C47 -> #REF! | E47: 3.5151515 | F47: 3.6451613
A48: Suppliers | B48: ='Relationship management'!H38 -> 0 | C48: =#REF! -> #REF! | D48: =B48*C48 -> #REF! | E48: 2.5496183 | F48: 2.8064516
A49: IPR | B49: =Drivers!H6 -> 0 | C49: =#REF! -> #REF! | D49: =B49*C49 -> #REF! | E49: 1.3384615 | F49: 1.2580645
A50: Certification / other standards | B50: =Drivers!H8 -> 0 | C50: =#REF! -> #REF! | D50: =B50*C50 -> #REF! | E50: 2.1068702 | F50: 2.516129
A51: Legislation | B51: =Drivers!H10 -> 0 | C51: =#REF! -> #REF! | D51: =B51*C51 -> #REF! | E51: 1.8181818 | F51: 2
A52: Declining margins | B52: ='Finance needs'!H8 -> 0 | C52: =#REF! -> #REF! | D52: =B52*C52 -> #REF! | E52: 2.5151515 | F52: 2.9354839
A53: Sources of funding | B53: =Drivers!H12 -> 0 | C53: =#REF! -> #REF! | D53: =B53*C53 -> #REF! | E53: 1.5606061 | F53: 2.1612903
A54: Product quality | B54: =Drivers!H18 -> 0 | C54: =#REF! -> #REF! | D54: =B54*C54 -> #REF! | E54: 3.530303 | F54: 3.7419355
A55: New product development | B55: =Drivers!H20 -> 0 | C55: =#REF! -> #REF! | D55: =B55*C55 -> #REF! | E55: 3.3636364 | F55: 3.6774194
A57: Innovation sources used | B57: Company score | C57: Benchmark
A58: Technical development | D58: Champions
A59: Internal company resources | B59: ='Information Sources'!D6 -> 0 | C59: 3.6969697 | D59: 3.5483871
A60: Research organisation | B60: ='Information Sources'!D7 -> 0 | C60: 1.7099237 | D60: 2
A61: Universities | B61: ='Information Sources'!D8 -> 0 | C61: 2.0992366 | D61: 2.2258065
A62: Business Support Institutions | B62: ='Information Sources'!D9 -> 0 | C62: 1.2671756 | D62: 1.1290323
A63: Private Consultants | B63: ='Information Sources'!D10 -> 0 | C63: 1.5114504 | D63: 1.5806452
A64: Clusters members | B64: ='Information Sources'!D11 -> 0 | C64: 1.8030303 | D64: 1.9677419
A65: Customers | B65: ='Information Sources'!D12 -> 0 | C65: 2.5757576 | D65: 2.5483871
A66: Suppliers | B66: ='Information Sources'!D13 -> 0 | C66: 2.2900763 | D66: 2.3225806
A67: Government | B67: ='Information Sources'!D15 -> 0 | C67: 1.0757576 | D67: 1.0967742
A68: EU | B68: ='Information Sources'!D16 -> 0 | C68: 1.3740458 | D68: 1.2903226
A69: Internet | B69: ='Information Sources'!D17 -> 0 | C69: 3.8939394 | D69: 3.7419355
A70: Social Networks | B70: ='Information Sources'!D14 -> 0 | C70: 1.4444444 | D70: 1.3846154
A71: Exhibitions | B71: ='Information Sources'!D18 -> 0 | C71: 3.1136364 | D71: 3.1612903
A72: Seminars | B72: ='Information Sources'!D19 -> 0 | C72: 2.6287879 | D72: 2.9032258
A73: Technical literature | B73: ='Information Sources'!D20 -> 0 | C73: 2.9312977 | D73: 3.0645161
A74: Investors (internal or external) | B74: ='Information Sources'!D21 -> 0 | C74: 0.51908397 | D74: 0.58064516
A78: Innovation sources used | B78: Company score | C78: Benchmark
A79: Market | D79: Champions
A80: Internal company resources | B80: ='Information Sources'!E6 -> 0 | C80: 2.7348485 | D80: 2.9032258
A81: Research organisation | B81: ='Information Sources'!E7 -> 0 | C81: 1.129771 | D81: 1.2903226
A82: Universities | B82: ='Information Sources'!E8 -> 0 | C82: 1.0152672 | D82: 1.2903226
A83: Test house | B83: ='Information Sources'!E9 -> 0 | C83: 0.53846154 | D83: 0.36666667
A84: Trade association | B84: ='Information Sources'!E10 -> 0 | C84: 1.3106061 | D84: 1.3870968
A85: Public organisation supporting SMEs | B85: ='Information Sources'!E11 -> 0 | C85: 1.129771 | D85: 1
A86: Private Consultants | B86: ='Information Sources'!E12 -> 0 | C86: 1.1984733 | D86: 1.0967742
A87: Clusters members/ networking | B87: ='Information Sources'!E13 -> 0 | C87: 1.4848485 | D87: 1.6451613
A88: Customers | B88: ='Information Sources'!E14 -> 0 | C88: 2.4469697 | D88: 2.6451613
A89: Customer's Customers | B89: ='Information Sources'!E15 -> ------------------------ | C89: 0.90839695 | D89: 1.1612903
A90: Suppliers | B90: ='Information Sources'!#REF! -> #REF! | C90: 1.4961832 | D90: 1.8064516
A91: Supplier's suppliers | B91: ='Information Sources'!#REF! -> #REF! | C91: 0.32307692 | D91: 0.36666667
A92: National governments | B92: ='Information Sources'!#REF! -> #REF! | C92: 1.030303 | D92: 1.0967742
A93: Regional governments | B93: ='Information Sources'!#REF! -> #REF! | C93: 0.93939394 | D93: 1.0322581
A94: EU | B94: ='Information Sources'!E16 -> ------------------------ | C94: 1.1145038 | D94: 1.1935484
A95: Internet | B95: =#REF! -> #REF! | C95: 3.2954545 | D95: 3.3548387
A96: Social Networks | B96: =#REF! -> #REF! | C96: 1.4772727 | D96: 1.7741935
A97: Exhibitions | B97: =#REF! -> #REF! | C97: 2.4015152 | D97: 2.7741935
A98: Seminars | B98: =#REF! -> #REF! | C98: 1.8257576 | D98: 2.2903226
A99: Technical literature | B99: =#REF! -> #REF! | C99: 1.5954198 | D99: 1.8709677
A100: Business Angels | B100: =#REF! -> #REF! | C100: 0.51908397 | D100: 0.64516129
A101: Venture capital | B101: =#REF! -> #REF! | C101: 0.59541985 | D101: 0.87096774
A110: Innovation sources used | B110: Company score | C110: PBA | D110: Total score
A111: Facilitating services
A112: Private research organisation | B112: ='Information Sources'!#REF! -> #REF! | C112: ='Information Sources'!#REF! -> #REF!
A113: Public research organisation | B113: ='Information Sources'!#REF! -> #REF! | C113: ='Information Sources'!#REF! -> #REF!
A114: Semi-public research organisation | B114: ='Information Sources'!#REF! -> #REF! | C114: ='Information Sources'!#REF! -> #REF!
A115: R&D organisations | B115: ='Information Sources'!#REF! -> #REF! | C115: ='Information Sources'!#REF! -> #REF!
A116: Universities | B116: ='Information Sources'!#REF! -> #REF! | C116: ='Information Sources'!#REF! -> #REF!
A117: Test house | B117: ='Information Sources'!#REF! -> #REF! | C117: ='Information Sources'!#REF! -> #REF!
A118: Consultants | B118: ='Information Sources'!#REF! -> #REF! | C118: ='Information Sources'!#REF! -> #REF!
A119: Customers | B119: ='Information Sources'!#REF! -> #REF! | C119: ='Information Sources'!#REF! -> #REF!
A120: Customer's Customers | B120: ='Information Sources'!#REF! -> #REF! | C120: ='Information Sources'!#REF! -> #REF!
...

Sheet Growth Willingness
B3: Growth Willigness
C6: =#REF! -> #REF! | E6: =#REF! -> #REF! | G6: =#REF! -> #REF! | I6: =#REF! -> #REF!
C8: =#REF! -> #REF! | E8: =#REF! -> #REF! | F8: VS | G8: =#REF! -> #REF! | I8: =#REF! -> #REF!
C10: =#REF! -> #REF! | E10: =#REF! -> #REF!
C13: =#REF! -> #REF! | E13: =#REF! -> #REF! | F13: VS | G13: Total staff | I13: ='Human capital'!J8 -> 0
C15: ='Relationship management'!D9 -> Do you systematically use and update Customer Relationship Management (CRM) system in your company? | E15: ='Relationship management'!J9 -> 0 | G15: ='Relationship management'!D16 -> Do you systematically collect information about your suppliers? | I15: ='Relationship management'!H16 -> 0
C17: Management is a compnay's growth constrain | E17: ='Growth constraints'!F7 -> 0

Sheet Company's vision
B3: Company's Vision
C6: =#REF! -> #REF! | E6: =#REF! -> #REF! | G6: How company's vision drives innovation | H6: =#REF! -> #REF! | I6: =#REF! -> #REF!
H7: =#REF! -> #REF! | I7: =#REF! -> #REF!

Sheet Marketing
B3: Marketing
C5: =#REF! -> #REF! | E5: =#REF! -> #REF!
C7: ='Relationship management'!D6 -> Do you systematically collect information about your customers? | F7: ='Relationship management'!J6 -> 0 | H7: ='Relationship management'!D20 -> Do you systematically collect information about your competitors? | J7: ='Relationship management'!J20 -> 0
C9: How company's marketing,activities drives innovation | E9: =#REF! -> #REF! | F9: =#REF! -> #REF! | G9: compnay's growth constrain | H9: Marketing capabilities are a | I9: ='Growth constraints'!F9 -> 0
E10: =#REF! -> #REF! | F10: =#REF! -> #REF! | H10: Customers (Market decline, market instability) | I10: ='Growth constraints'!#REF! -> #REF!
E11: =#REF! -> #REF! | F11: =#REF! -> #REF! | H11: ='Growth constraints'!D14 -> How often are the barriers to entry new markets a constraint to growth? | I11: ='Growth constraints'!F14 -> 0
C13: What are company's constraints to innovation | E13: ='Innovation constraints'!#REF! -> #REF! | F13: ='Innovation constraints'!#REF! -> #REF!
E14: ='Innovation constraints'!#REF! -> #REF! | F14: ='Innovation constraints'!#REF! -> #REF!
E15: ='Innovation constraints'!#REF! -> #REF! | F15: ='Innovation constraints'!F12 -> 0

Sheet EXP Form driver 1
C3: Company's drivers of innovation | L3: When inserting comments or important additional information, please use provided cells
C6: Internal drivers | D6: Company’s Management
D8: R&D department
D10: Employees initiative
L11: (Is innovation a driver to growth?)
D12: Company’s growth
C17: Market | D17: New market opportunities
D19: Market development (trend)
D21: Competitors
D23: Customers (help to innovate)
D25: Customers by providing innovating end products
D27: Customer’s customers
C31: Suppliers | D31: Suppliers via information exchange
D33: Suppliers influencing my final products
D41: Key - Filling the tool
F44: - filled with information given by the firm
F47: - EXPERTS comments
F50: - FOR EXPERT INFORMATION ONLY

Sheet EXP Form driver 2
C3: Company's drivers of innovation (2) | L3: When inserting comments or important additional information, please use provided cells
C5: Legislation
E6: IPR (company driven by protecting itself)
E8: Certification / Quality standardization
L9: Clarify if national legislation makes things more complex
E10: National legislation
L11: Mention environmental legislation
E12: International legislation
C15: Finance
E16: Pricing pressure
E18: Need to decrease production costs
L19: Sources of funding internal
E20: Sources of funding - internal (e.g. own resources etc.)
L21: Sources of funding external
E22: Sources of funding - external (e.g. VC, bank credit etc.)
E28: Key - Filling the tool
G31: - filled with information given by the firm
G34: - EXPERTS comments
G37: - FOR EXPERT INFORMATION ONLY

Sheet EXP Form driver 3
C3: Company's drivers of innovation (3) | M3: When inserting comments or important additional information, please use provided cells
C5: Technical development
E6: Product quality
E8: New technology and processes, (new for the company)
E10: Obsolescence of machines
E12: New product development
E14: Manufacturing benefits (e.g. lower material costs, faster production, lower processing costs)
E25: Key - Filling the tool
G28: - filled with information given by the firm
G31: - EXPERTS comments
G34: - FOR EXPERT INFORMATION ONLY

Sheet EXP Growth constr
C3: Company's growth constraints | L3: When inserting comments or important additional information, please use provided cells
C7: Internal | D7: Management | H7: Scales
D9: Human resources (training / skill of competence) | H9: 0 | I9: Not relevant
D11: Finance | H11: 1 | I11: Never
D13: Marketing capabilities (ability to access new market) | H13: 2
D15: Obsolescence of products or process | H15: 3
C17: External | D17: Competitive advantage of competitors | H17: 4
D19: Customers (Market decline, market instability) | H19: 5 | I19: Frequently
D21: Barriers to entry (on new markets)
D23: Human resources (Recruitment / turnover)
F30: Key - Filling the tool
H33: - filled with information given by the firm
H36: - EXPERTS comments
H39: - FOR EXPERT INFORMATION ONLY

Sheet EXP Inno constr
C3: Company's innovation constraints | L3: When inserting comments or important additional information, please use provided cells
C5: Internal
D6: Financial constraints (innovation financing, increase of running costs)
D8: Recruitment / training | H8: Scales
D10: Technical constraints (internal impact of new technical adoption within the company, technical compatibility) | H10: 0 | I10: Not relevant
C12: External | D12: Market size | H12: 1 | I12: Never
D14: Customers (technical ability to adopt the innovation, price increase tolerance) | H14: 2
D16: Suppliers (technical level, delay, price repercussion) | H16: 3
D18: End users (ability to adopt new products or services, price increase tolerance) | H18: 4
D20: Education and training methods | H20: 5 | I20: Frequently
D22: Legislation / regulations
D24: Technical constraints (science based knowledge, access to the information)
G28: Key - Filling the tool
I31: - filled with information given by the firm
I34: - EXPERTS comments
I37: - FOR EXPERT INFORMATION ONLY

Sheet The_END
C6: THE END
D9: Thank you for completing the tool, we hope it has been helpful for your firm to discover the needs of your company. Please verify with the list below if all parts of the interview have been completed.
D11: No. | E11: Check list of interview elements | I11: Status
D12: 1 | E12: Typology (Champion, Sleeping beauty etc.)
D13: 2 | E13: S3 distribution
D14: 3 | E14: PKD codes
D15: 4 | E15: Certificate
D16: 5 | E16: Copy tool (EN,PL)
D17: 6 | E17: CV, project info, business card
D18: 7 | E18: Info about quality check
D19: 8 | E19: Briefing with local consultant
D20: 9 | E20: Recommendations
D21: 10 | E21: Identified needs of companies
